Workbook

Sheet P1 - Conhecimentos Gerais
B2: P1 - CONHECIMENTOS GERAIS
B3: Rota SEFAZ CE | FCC 2026 | Progresso = (Dominio/3 x 50%) + (Questoes/20 x 50%)
B5: DOMINIO = 50% do progresso 0 = Nao vi contribui 0% 1 = Vi uma vez contribui 17% 2 = Entendo contribui 33% 3 = Domino contribui 50% | E5: QUESTOES FCC = 50% do progresso Meta: 20 questoes por assunto 5q = 12,5% | 10q = 25% 20q = 50% (maximo desta parte) Ambos sao necessarios para 100%
B6: FORMULA: Progresso = (Dominio / 3 x 50%) + (Questoes / 20 x 50%) | Prova dia 01/08 (tarde) | 80 questoes | Peso 1 na nota final
B8: LINGUA PORTUGUESA | 13% do edital | ~20 questoes (P1 - Peso 1)
B9: ASSUNTO / TOPICO DO EDITAL | C9: ARMADILHA DA BANCA FCC | D9: FCC COBRA | E9: DOMINIO (0-3) | F9: QUESTOES FEITAS | G9: ULTIMA REVISAO | H9: PROGRESSO (automatico)
B10: Interpretacao de texto - ideia principal e secundaria | C10: FCC usa textos sobre temas fiscais e tecnicos. A resposta ESTA no texto - nao na sua opiniao. | D10: ALTA | E10: 0 | F10: 0 | G10: — | H10: =IFERROR(REPT("█",ROUND((E10/3*50+MIN(F10,20)/20*50)/10,0))&REPT("░",10-ROUND((E10/3*50+MIN(F10,20)/20*50)/10,0))&" "&TEXT((E10/3*50+MIN(F10,20)/20*50)/100,"0%"),"░░░░░░░░░░ 0%")
B11: Inferencia e pressupostos | C11: FCC pede o que o texto IMPLICA, nao o que diz explicitamente. Nunca extrapole. | D11: ALTA | E11: 0 | F11: 0 | G11: — | H11: =IFERROR(REPT("█",ROUND((E11/3*50+MIN(F11,20)/20*50)/10,0))&REPT("░",10-ROUND((E11/3*50+MIN(F11,20)/20*50)/10,0))&" "&TEXT((E11/3*50+MIN(F11,20)/20*50)/100,"0%"),"░░░░░░░░░░ 0%")
B12: Vocabulario no contexto | C12: A palavra pode ter sentido diferente do usual no texto. Leia o contexto antes de responder. | D12: ALTA | E12: 0 | F12: 0 | G12: — | H12: =IFERROR(REPT("█",ROUND((E12/3*50+MIN(F12,20)/20*50)/10,0))&REPT("░",10-ROUND((E12/3*50+MIN(F12,20)/20*50)/10,0))&" "&TEXT((E12/3*50+MIN(F12,20)/20*50)/100,"0%"),"░░░░░░░░░░ 0%")
B13: Concordancia verbal - casos especiais | C13: Sujeito coletivo, sujeito composto, oracoes intercaladas, verbos no infinitivo. FCC adora os casos especiais. | D13: ALTA | E13: 0 | F13: 0 | G13: — | H13: =IFERROR(REPT("█",ROUND((E13/3*50+MIN(F13,20)/20*50)/10,0))&REPT("░",10-ROUND((E13/3*50+MIN(F13,20)/20*50)/10,0))&" "&TEXT((E13/3*50+MIN(F13,20)/20*50)/100,"0%"),"░░░░░░░░░░ 0%")
B14: Concordancia nominal | C14: Adjetivos predicativos, particulas 'meio/mesmo/proprio'. Regras diferentes da concordancia verbal. | D14: MEDIA | E14: 0 | F14: 0 | G14: — | H14: =IFERROR(REPT("█",ROUND((E14/3*50+MIN(F14,20)/20*50)/10,0))&REPT("░",10-ROUND((E14/3*50+MIN(F14,20)/20*50)/10,0))&" "&TEXT((E14/3*50+MIN(F14,20)/20*50)/100,"0%"),"░░░░░░░░░░ 0%")
B15: Regencia verbal e nominal | C15: Verbos que mudam de sentido com a preposicao. 'Assistir a' vs 'assistir' sem preposicao. | D15: ALTA | E15: 0 | F15: 0 | G15: — | H15: =IFERROR(REPT("█",ROUND((E15/3*50+MIN(F15,20)/20*50)/10,0))&REPT("░",10-ROUND((E15/3*50+MIN(F15,20)/20*50)/10,0))&" "&TEXT((E15/3*50+MIN(F15,20)/20*50)/100,"0%"),"░░░░░░░░░░ 0%")
B16: Crase | C16: Casos obrigatorios, facultativos e proibidos. FCC cobra especialmente antes de pronomes demonstrativos. | D16: MEDIA | E16: 0 | F16: 0 | G16: — | H16: =IFERROR(REPT("█",ROUND((E16/3*50+MIN(F16,20)/20*50)/10,0))&REPT("░",10-ROUND((E16/3*50+MIN(F16,20)/20*50)/10,0))&" "&TEXT((E16/3*50+MIN(F16,20)/20*50)/100,"0%"),"░░░░░░░░░░ 0%")
B17: Pontuacao - virgula obrigatoria e proibida | C17: Virgula antes de 'que' relativo, entre sujeito e predicado (proibida), nas oracoes adverbiais. | D17: ALTA | E17: 0 | F17: 0 | G17: — | H17: =IFERROR(REPT("█",ROUND((E17/3*50+MIN(F17,20)/20*50)/10,0))&REPT("░",10-ROUND((E17/3*50+MIN(F17,20)/20*50)/10,0))&" "&TEXT((E17/3*50+MIN(F17,20)/20*50)/100,"0%"),"░░░░░░░░░░ 0%")
B18: Coesao - conectivos e conjuncoes | C18: FCC troca conjuncao causal por conclusiva. Aprenda o valor semantico de cada conjuncao. | D18: ALTA | E18: 0 | F18: 0 | G18: — | H18: =IFERROR(REPT("█",ROUND((E18/3*50+MIN(F18,20)/20*50)/10,0))&REPT("░",10-ROUND((E18/3*50+MIN(F18,20)/20*50)/10,0))&" "&TEXT((E18/3*50+MIN(F18,20)/20*50)/100,"0%"),"░░░░░░░░░░ 0%")
B19: Pronomes relativos - quem, que, cujo, onde | C19: 'Cujo' nunca tem artigo depois. 'Onde' so para lugar. FCC cobra o emprego correto. | D19: MEDIA | E19: 0 | F19: 0 | G19: — | H19: =IFERROR(REPT("█",ROUND((E19/3*50+MIN(F19,20)/20*50)/10,0))&REPT("░",10-ROUND((E19/3*50+MIN(F19,20)/20*50)/10,0))&" "&TEXT((E19/3*50+MIN(F19,20)/20*50)/100,"0%"),"░░░░░░░░░░ 0%")
B20: Voz passiva - sintetica e analitica | C20: Conversao entre vozes. Verbo 'ser' + particípio = analitica. Verbo transitivo + 'se' = sintetica. | D20: MEDIA | E20: 0 | F20: 0 | G20: — | H20: =IFERROR(REPT("█",ROUND((E20/3*50+MIN(F20,20)/20*50)/10,0))&REPT("░",10-ROUND((E20/3*50+MIN(F20,20)/20*50)/10,0))&" "&TEXT((E20/3*50+MIN(F20,20)/20*50)/100,"0%"),"░░░░░░░░░░ 0%")
B21: Colocacao pronominal - proclise, mesoclise, enclise | C21: Atracao do pronom por palavras negativas, conjuncoes subordinativas e adverbios. | D21: MEDIA | E21: 0 | F21: 0 | G21: — | H21: =IFERROR(REPT("█",ROUND((E21/3*50+MIN(F21,20)/20*50)/10,0))&REPT("░",10-ROUND((E21/3*50+MIN(F21,20)/20*50)/10,0))&" "&TEXT((E21/3*50+MIN(F21,20)/20*50)/100,"0%"),"░░░░░░░░░░ 0%")
... B26: Redacao oficial - Manual de Redacao da Presidencia | C26: Oficio, memorando, email oficial. Elementos e linguagem. Comum em provas fiscais. | D26: MEDIA | E26: 0 | F26: 0 | G26: — | H26: =IFERROR(REPT("█",ROUND((E26/3*50+MIN(F26,20)/20*50)/10,0))&REPT("░",10-ROUND((E26/3*50+MIN(F26,20)/20*50)/10,0))&" "&TEXT((E26/3*50+MIN(F26,20)/20*50)/100,"0%"),"░░░░░░░░░░ 0%")
B27: MEDIA — Lingua Portuguesa | D27: =IFERROR(TEXT(COUNTIF(D10:D26,"ALTA")/17,"0%")&" ALTA","—") | E27: =IFERROR(ROUND(AVERAGE(E10:E26),1)&" / 3","—") | F27: =IFERROR(SUM(F10:F26)&" q","0") | G27: =IFERROR(TEXT(COUNTIFS(E10:E26,3,F10:F26,">="&20)/17,"0%")&" dom.","0%") | H27: =IFERROR(REPT("█",ROUND((AVERAGE(E10:E26)/3*50+MIN(MIN(AVERAGE(F10:F26),20),20)/20*50)/10,0))&REPT("░",10-ROUND((AVERAGE(E10:E26)/3*50+MIN(MIN(AVERAGE(F10:F26),20),20)/20*50)/10,0))&" "&TEXT((AVERAGE(E10:E26)/3*50+MIN(MIN(AVERAGE(F10:F26),20),20)/20*50)/100,"0%"),"░░░░░░░░░░ 0%")
B29: RACIOCINIO LOGICO | 10% do edital | ~16 questoes (P1 - Peso 1)
B30: ASSUNTO / TOPICO DO EDITAL | C30: ARMADILHA DA BANCA FCC | D30: FCC COBRA | E30: DOMINIO (0-3) | F30: QUESTOES FEITAS | G30: ULTIMA REVISAO | H30: PROGRESSO (automatico)
B31: Proposicoes logicas e conectivos | C31: Conjuncao (e), disjuncao (ou), implicacao (se...entao), bicondicional (se e somente se), negacao. | D31: ALTA | E31: 0 | F31: 0 | G31: — | H31: =IFERROR(REPT("█",ROUND((E31/3*50+MIN(F31,20)/20*50)/10,0))&REPT("░",10-ROUND((E31/3*50+MIN(F31,20)/20*50)/10,0))&" "&TEXT((E31/3*50+MIN(F31,20)/20*50)/100,"0%"),"░░░░░░░░░░ 0%")
B32: Tabela verdade | C32: Construcao completa da tabela. Tautologia (sempre V), contradicao (sempre F), contingencia. | D32: ALTA | E32: 0 | F32: 0 | G32: — | H32: =IFERROR(REPT("█",ROUND((E32/3*50+MIN(F32,20)/20*50)/10,0))&REPT("░",10-ROUND((E32/3*50+MIN(F32,20)/20*50)/10,0))&" "&TEXT((E32/3*50+MIN(F32,20)/20*50)/100,"0%"),"░░░░░░░░░░ 0%")
B33: Equivalencias logicas - leis de De Morgan | C33: Negacao de 'e' vira 'ou' e vice-versa. FCC cobra transformacoes entre proposicoes. | D33: ALTA | E33: 0 | F33: 0 | G33: — | H33: =IFERROR(REPT("█",ROUND((E33/3*50+MIN(F33,20)/20*50)/10,0))&REPT("░",10-ROUND((E33/3*50+MIN(F33,20)/20*50)/10,0))&" "&TEXT((E33/3*50+MIN(F33,20)/20*50)/100,"0%"),"░░░░░░░░░░ 0%")
B34: Negacao de proposicoes compostas | C34: Negar implicacao: p->q equivale a ~(p->q) = p ^ ~q. FCC cobra esse caso especificamente. | D34: ALTA | E34: 0 | F34: 0 | G34: — | H34: =IFERROR(REPT("█",ROUND((E34/3*50+MIN(F34,20)/20*50)/10,0))&REPT("░",10-ROUND((E34/3*50+MIN(F34,20)/20*50)/10,0))&" "&TEXT((E34/3*50+MIN(F34,20)/20*50)/100,"0%"),"░░░░░░░░░░ 0%")
B35: Contraposicao e bicondicional | C35: Contrapositiva de p->q e ~q->~p (equivalente). FCC usa a contrapositiva em questoes de inferencia. | D35: ALTA | E35: 0 | F35: 0 | G35: — | H35: =IFERROR(REPT("█",ROUND((E35/3*50+MIN(F35,20)/20*50)/10,0))&REPT("░",10-ROUND((E35/3*50+MIN(F35,20)/20*50)/10,0))&" "&TEXT((E35/3*50+MIN(F35,20)/20*50)/100,"0%"),"░░░░░░░░░░ 0%")
B36: Modus ponens e modus tollens | C36: Argumentos dedutiveis validos. FCC apresenta premissas e pede a conclusao que SE SEGUE. | D36: ALTA | E36: 0 | F36: 0 | G36: — | H36: =IFERROR(REPT("█",ROUND((E36/3*50+MIN(F36,20)/20*50)/10,0))&REPT("░",10-ROUND((E36/3*50+MIN(F36,20)/20*50)/10,0))&" "&TEXT((E36/3*50+MIN(F36,20)/20*50)/100,"0%"),"░░░░░░░░░░ 0%")
B37: Silogismos e argumentos validos | C37: Todo A e B. Algum B e C. Portanto... FCC cobra a conclusao valida entre as alternativas. | D37: ALTA | E37: 0 | F37: 0 | G37: — | H37: =IFERROR(REPT("█",ROUND((E37/3*50+MIN(F37,20)/20*50)/10,0))&REPT("░",10-ROUND((E37/3*50+MIN(F37,20)/20*50)/10,0))&" "&TEXT((E37/3*50+MIN(F37,20)/20*50)/100,"0%"),"░░░░░░░░░░ 0%")
B38: Raciocinio critico - validade de argumentos | C38: Quase metade das questoes de RL. Identificar se a conclusao decorre necessariamente das premissas. | D38: ALTA | E38: 0 | F38: 0 | G38: — | H38: =IFERROR(REPT("█",ROUND((E38/3*50+MIN(F38,20)/20*50)/10,0))&REPT("░",10-ROUND((E38/3*50+MIN(F38,20)/20*50)/10,0))&" "&TEXT((E38/3*50+MIN(F38,20)/20*50)/100,"0%"),"░░░░░░░░░░ 0%")
B39: Tabelas de posicionamento | C39: Cenarios com restricoes (A fica antes de B, C nao e vizinho de D). Montar tabela para resolver. | D39: ALTA | E39: 0 | F39: 0 | G39: — | H39: =IFERROR(REPT("█",ROUND((E39/3*50+MIN(F39,20)/20*50)/10,0))&REPT("░",10-ROUND((E39/3*50+MIN(F39,20)/20*50)/10,0))&" "&TEXT((E39/3*50+MIN(F39,20)/20*50)/100,"0%"),"░░░░░░░░░░ 0%")
B40: Verdade e mentira condicionada | C40: Cenarios onde personagens sempre falam verdade ou mentira. Testar cada hipotese. | D40: MEDIA | E40: 0 | F40: 0 | G40: — | H40: =IFERROR(REPT("█",ROUND((E40/3*50+MIN(F40,20)/20*50)/10,0))&REPT("░",10-ROUND((E40/3*50+MIN(F40,20)/20*50)/10,0))&" "&TEXT((E40/3*50+MIN(F40,20)/20*50)/100,"0%"),"░░░░░░░░░░ 0%")
B41: Sequencias numericas e de figuras | C41: Identificar o padrao. FCC usa sequencias com diferenca de diferenca (2a ordem). | D41: MEDIA | E41: 0 | F41: 0 | G41: — | H41: =IFERROR(REPT("█",ROUND((E41/3*50+MIN(F41,20)/20*50)/10,0))&REPT("░",10-ROUND((E41/3*50+MIN(F41,20)/20*50)/10,0))&" "&TEXT((E41/3*50+MIN(F41,20)/20*50)/100,"0%"),"░░░░░░░░░░ 0%")
B42: Quantificadores - universal e existencial | C42: 'Todo', 'algum', 'nenhum'. Negacao de 'todo A e B' = 'existe A que nao e B'. | D42: MEDIA | E42: 0 | F42: 0 | G42: — | H42: =IFERROR(REPT("█",ROUND((E42/3*50+MIN(F42,20)/20*50)/10,0))&REPT("░",10-ROUND((E42/3*50+MIN(F42,20)/20*50)/10,0))&" "&TEXT((E42/3*50+MIN(F42,20)/20*50)/100,"0%"),"░░░░░░░░░░ 0%")
... B44: Orientacao espacial e geometria basica | C44: Pontos cardeais, rotacoes, planificacoes. FCC usa em sequencias de figuras. | D44: BAIXA | E44: 0 | F44: 0 | G44: — | H44: =IFERROR(REPT("█",ROUND((E44/3*50+MIN(F44,20)/20*50)/10,0))&REPT("░",10-ROUND((E44/3*50+MIN(F44,20)/20*50)/10,0))&" "&TEXT((E44/3*50+MIN(F44,20)/20*50)/100,"0%"),"░░░░░░░░░░ 0%")
B45: MEDIA — Raciocinio Logico | D45: =IFERROR(TEXT(COUNTIF(D31:D44,"ALTA")/14,"0%")&" ALTA","—") | E45: =IFERROR(ROUND(AVERAGE(E31:E44),1)&" / 3","—") | F45: =IFERROR(SUM(F31:F44)&" q","0") | G45: =IFERROR(TEXT(COUNTIFS(E31:E44,3,F31:F44,">="&20)/14,"0%")&" dom.","0%") | H45: =IFERROR(REPT("█",ROUND((AVERAGE(E31:E44)/3*50+MIN(MIN(AVERAGE(F31:F44),20),20)/20*50)/10,0))&REPT("░",10-ROUND((AVERAGE(E31:E44)/3*50+MIN(MIN(AVERAGE(F31:F44),20),20)/20*50)/10,0))&" "&TEXT((AVERAGE(E31:E44)/3*50+MIN(MIN(AVERAGE(F31:F44),20),20)/20*50)/100,"0%"),"░░░░░░░░░░ 0%")
B47: DIREITO CONSTITUCIONAL | 11% do edital | ~18 questoes (P1 - Peso 1)
B48: ASSUNTO / TOPICO DO EDITAL | C48: ARMADILHA DA BANCA FCC | D48: FCC COBRA | E48: DOMINIO (0-3) | F48: QUESTOES FEITAS | G48: ULTIMA REVISAO | H48: PROGRESSO (automatico)
B49: Principios fundamentais da CF/88 - arts. 1 a 4 | C49: Fundamentos (art.1), objetivos (art.3), principios das relacoes internacionais (art.4). FCC cobra literalidade. | D49: ALTA | E49: 0 | F49: 0 | G49: — | H49: =IFERROR(REPT("█",ROUND((E49/3*50+MIN(F49,20)/20*50)/10,0))&REPT("░",10-ROUND((E49/3*50+MIN(F49,20)/20*50)/10,0))&" "&TEXT((E49/3*50+MIN(F49,20)/20*50)/100,"0%"),"░░░░░░░░░░ 0%")
B50: Direitos e garantias fundamentais - art. 5 CF/88 | C50: O artigo mais cobrado. Rol dos direitos, remedios constitucionais (HC, MS, MI, HD, AP). | D50: ALTA | E50: 0 | F50: 0 | G50: — | H50: =IFERROR(REPT("█",ROUND((E50/3*50+MIN(F50,20)/20*50)/10,0))&REPT("░",10-ROUND((E50/3*50+MIN(F50,20)/20*50)/10,0))&" "&TEXT((E50/3*50+MIN(F50,20)/20*50)/100,"0%"),"░░░░░░░░░░ 0%")
B51: Direitos sociais - arts. 6 a 11 | C51: Rol do art.6 (saude, educacao...), direitos dos trabalhadores (art.7). FCC cobra a lista exata. | D51: MEDIA | E51: 0 | F51: 0 | G51: — | H51: =IFERROR(REPT("█",ROUND((E51/3*50+MIN(F51,20)/20*50)/10,0))&REPT("░",10-ROUND((E51/3*50+MIN(F51,20)/20*50)/10,0))&" "&TEXT((E51/3*50+MIN(F51,20)/20*50)/100,"0%"),"░░░░░░░░░░ 0%")
B52: Direitos politicos - arts. 14 a 16 | C52: Sufragio, alistamento, condicoes de elegibilidade, inelegibilidades, perda e suspensao. | D52: MEDIA | E52: 0 | F52: 0 | G52: — | H52: =IFERROR(REPT("█",ROUND((E52/3*50+MIN(F52,20)/20*50)/10,0))&REPT("░",10-ROUND((E52/3*50+MIN(F52,20)/20*50)/10,0))&" "&TEXT((E52/3*50+MIN(F52,20)/20*50)/100,"0%"),"░░░░░░░░░░ 0%")
B53: Organizacao do Estado - federacao e reparticao de competencias | C53: Competencia privativa da Uniao (art.22) pode delegar; exclusiva (art.21) nao pode. PEGADINHA CLASSICA. | D53: ALTA | E53: 0 | F53: 0 | G53: — | H53: =IFERROR(REPT("█",ROUND((E53/3*50+MIN(F53,20)/20*50)/10,0))&REPT("░",10-ROUND((E53/3*50+MIN(F53,20)/20*50)/10,0))&" "&TEXT((E53/3*50+MIN(F53,20)/20*50)/100,"0%"),"░░░░░░░░░░ 0%")
B54: Competencias dos municipios e do DF | C54: O que e competencia do municipio vs estado. DF acumula competencias estaduais e municipais. | D54: MEDIA | E54: 0 | F54: 0 | G54: — | H54: =IFERROR(REPT("█",ROUND((E54/3*50+MIN(F54,20)/20*50)/10,0))&REPT("░",10-ROUND((E54/3*50+MIN(F54,20)/20*50)/10,0))&" "&TEXT((E54/3*50+MIN(F54,20)/20*50)/100,"0%"),"░░░░░░░░░░ 0%")
B55: Administracao Publica - art. 37 CF/88 - principios LIMPE | C55: Legalidade, Impessoalidade, Moralidade, Publicidade, Eficiencia. Mais outros principios implicitos. | D55: ALTA | E55: 0 | F55: 0 | G55: — | H55: =IFERROR(REPT("█",ROUND((E55/3*50+MIN(F55,20)/20*50)/10,0))&REPT("░",10-ROUND((E55/3*50+MIN(F55,20)/20*50)/10,0))&" "&TEXT((E55/3*50+MIN(F55,20)/20*50)/100,"0%"),"░░░░░░░░░░ 0%")
B56: Concurso publico e servidores - arts. 37 e 41 | C56: Estabilidade (3 anos de efeivo exercicio), hipoteses de perda do cargo, subsidio vs remuneracao. | D56: ALTA | E56: 0 | F56: 0 | G56: — | H56: =IFERROR(REPT("█",ROUND((E56/3*50+MIN(F56,20)/20*50)/10,0))&REPT("░",10-ROUND((E56/3*50+MIN(F56,20)/20*50)/10,0))&" "&TEXT((E56/3*50+MIN(F56,20)/20*50)/100,"0%"),"░░░░░░░░░░ 0%")
B57: Processo legislativo - arts. 59 a 69 | C57: Iniciativa, votacao, sancao/veto, promulgacao. Especies normativas em ordem hierarquica. | D57: ALTA | E57: 0 | F57: 0 | G57: — | H57: =IFERROR(REPT("█",ROUND((E57/3*50+MIN(F57,20)/20*50)/10,0))&REPT("░",10-ROUND((E57/3*50+MIN(F57,20)/20*50)/10,0))&" "&TEXT((E57/3*50+MIN(F57,20)/20*50)/100,"0%"),"░░░░░░░░░░ 0%")
B58: Medida provisoria - art. 62 | C58: Requisitos (urgencia e relevancia), prazo (60+60 dias), vedacoes de materia, efeitos. | D58: ALTA | E58: 0 | F58: 0 | G58: — | H58: =IFERROR(REPT("█",ROUND((E58/3*50+MIN(F58,20)/20*50)/10,0))&REPT("░",10-ROUND((E58/3*50+MIN(F58,20)/20*50)/10,0))&" "&TEXT((E58/3*50+MIN(F58,20)/20*50)/100,"0%"),"░░░░░░░░░░ 0%")
B59: Poder Executivo - presidente e atribuicoes | C59: Atribuicoes privativas (art.84), crimes de responsabilidade (art.85), impeachment. | D59: ALTA | E59: 0 | F59: 0 | G59: — | H59: =IFERROR(REPT("█",ROUND((E59/3*50+MIN(F59,20)/20*50)/10,0))&REPT("░",10-ROUND((E59/3*50+MIN(F59,20)/20*50)/10,0))&" "&TEXT((E59/3*50+MIN(F59,20)/20*50)/100,"0%"),"░░░░░░░░░░ 0%")
B60: Poder Judiciario - STF, STJ e Tribunais | C60: Competencias originarias e recursais do STF (art.102) e STJ (art.105). FCC cobra casos especificos. | D60: ALTA | E60: 0 | F60: 0 | G60: — | H60: =IFERROR(REPT("█",ROUND((E60/3*50+MIN(F60,20)/20*50)/10,0))&REPT("░",10-ROUND((E60/3*50+MIN(F60,20)/20*50)/10,0))&" "&TEXT((E60/3*50+MIN(F60,20)/20*50)/100,"0%"),"░░░░░░░░░░ 0%")
... B66: Estado de defesa e estado de sitio - arts. 136 e 137 | C66: Hipoteses de cabimento, prazo, quem decreta, aprovacao pelo Congresso. | D66: BAIXA | E66: 0 | F66: 0 | G66: — | H66: =IFERROR(REPT("█",ROUND((E66/3*50+MIN(F66,20)/20*50)/10,0))&REPT("░",10-ROUND((E66/3*50+MIN(F66,20)/20*50)/10,0))&" "&TEXT((E66/3*50+MIN(F66,20)/20*50)/100,"0%"),"░░░░░░░░░░ 0%")
B67: MEDIA — Direito Constitucional | D67: =IFERROR(TEXT(COUNTIF(D49:D66,"ALTA")/18,"0%")&" ALTA","—") | E67: =IFERROR(ROUND(AVERAGE(E49:E66),1)&" / 3","—") | F67: =IFERROR(SUM(F49:F66)&" q","0") | G67: =IFERROR(TEXT(COUNTIFS(E49:E66,3,F49:F66,">="&20)/18,"0%")&" dom.","0%") | H67: =IFERROR(REPT("█",ROUND((AVERAGE(E49:E66)/3*50+MIN(MIN(AVERAGE(F49:F66),20),20)/20*50)/10,0))&REPT("░",10-ROUND((AVERAGE(E49:E66)/3*50+MIN(MIN(AVERAGE(F49:F66),20),20)/20*50)/10,0))&" "&TEXT((AVERAGE(E49:E66)/3*50+MIN(MIN(AVERAGE(F49:F66),20),20)/20*50)/100,"0%"),"░░░░░░░░░░ 0%")
B69: DIREITO ADMINISTRATIVO | 11% do edital | ~18 questoes (P1 - Peso 1)
B70: ASSUNTO / TOPICO DO EDITAL | C70: ARMADILHA DA BANCA FCC | D70: FCC COBRA | E70: DOMINIO (0-3) | F70: QUESTOES FEITAS | G70: ULTIMA REVISAO | H70: PROGRESSO (automatico)
B71: Principios da Administracao Publica - LIMPE e outros | C71: LIMPE + razoabilidade, proporcionalidade, moralidade, publicidade, eficiencia, seguranca juridica. | D71: ALTA | E71: 0 | F71: 0 | G71: — | H71: =IFERROR(REPT("█",ROUND((E71/3*50+MIN(F71,20)/20*50)/10,0))&REPT("░",10-ROUND((E71/3*50+MIN(F71,20)/20*50)/10,0))&" "&TEXT((E71/3*50+MIN(F71,20)/20*50)/100,"0%"),"░░░░░░░░░░ 0%")
B72: Atos administrativos - conceito e elementos | C72: 5 elementos: competencia, forma, finalidade, motivo e objeto. FCC troca motivo com objeto - PEGADINHA. | D72: ALTA | E72: 0 | F72: 0 | G72: — | H72: =IFERROR(REPT("█",ROUND((E72/3*50+MIN(F72,20)/20*50)/10,0))&REPT("░",10-ROUND((E72/3*50+MIN(F72,20)/20*50)/10,0))&" "&TEXT((E72/3*50+MIN(F72,20)/20*50)/100,"0%"),"░░░░░░░░░░ 0%")
B73: Atributos dos atos administrativos | C73: Presuncao de legalidade/legitimidade, imperatividade, autoexecutoriedade, tipicidade. | D73: ALTA | E73: 0 | F73: 0 | G73: — | H73: =IFERROR(REPT("█",ROUND((E73/3*50+MIN(F73,20)/20*50)/10,0))&REPT("░",10-ROUND((E73/3*50+MIN(F73,20)/20*50)/10,0))&" "&TEXT((E73/3*50+MIN(F73,20)/20*50)/100,"0%"),"░░░░░░░░░░ 0%")
B74: Especies de atos administrativos | C74: Atos normativos, enunciativos, negociais, punitivos, compostos, complexos, simples. | D74: MEDIA | E74: 0 | F74: 0 | G74: — | H74: =IFERROR(REPT("█",ROUND((E74/3*50+MIN(F74,20)/20*50)/10,0))&REPT("░",10-ROUND((E74/3*50+MIN(F74,20)/20*50)/10,0))&" "&TEXT((E74/3*50+MIN(F74,20)/20*50)/100,"0%"),"░░░░░░░░░░ 0%")
B75: Vicio e invalidade dos atos administrativos | C75: Nulidade vs anulabilidade. Convalidacao (possivel para vicio de competencia e forma). Anulacao vs revogacao. | D75: ALTA | E75: 0 | F75: 0 | G75: — | H75: =IFERROR(REPT("█",ROUND((E75/3*50+MIN(F75,20)/20*50)/10,0))&REPT("░",10-ROUND((E75/3*50+MIN(F75,20)/20*50)/10,0))&" "&TEXT((E75/3*50+MIN(F75,20)/20*50)/100,"0%"),"░░░░░░░░░░ 0%")
B76: Anulacao e revogacao - distincoes fundamentais | C76: Anulacao: ilegalidade, efeito ex tunc. Revogacao: conveniencia, efeito ex nunc. FCC SEMPRE cobra. | D76: ALTA | E76: 0 | F76: 0 | G76: — | H76: =IFERROR(REPT("█",ROUND((E76/3*50+MIN(F76,20)/20*50)/10,0))&REPT("░",10-ROUND((E76/3*50+MIN(F76,20)/20*50)/10,0))&" "&TEXT((E76/3*50+MIN(F76,20)/20*50)/100,"0%"),"░░░░░░░░░░ 0%")
B77: Poderes administrativos - discricionario e vinculado | C77: Vinculado: sem margem de escolha. Discricionario: juizo de oportunidade e conveniencia (limitado). | D77: ALTA | E77: 0 | F77: 0 | G77: — | H77: =IFERROR(REPT("█",ROUND((E77/3*50+MIN(F77,20)/20*50)/10,0))&REPT("░",10-ROUND((E77/3*50+MIN(F77,20)/20*50)/10,0))&" "&TEXT((E77/3*50+MIN(F77,20)/20*50)/100,"0%"),"░░░░░░░░░░ 0%")
B78: Poder hierarquico, disciplinar e de policia | C78: Hierarquico: organizar. Disciplinar: punir. Policia: limitar liberdade em favor do interesse publico. | D78: MEDIA | E78: 0 | F78: 0 | G78: — | H78: =IFERROR(REPT("█",ROUND((E78/3*50+MIN(F78,20)/20*50)/10,0))&REPT("░",10-ROUND((E78/3*50+MIN(F78,20)/20*50)/10,0))&" "&TEXT((E78/3*50+MIN(F78,20)/20*50)/100,"0%"),"░░░░░░░░░░ 0%")
B79: Organizacao administrativa - centralizacao e descentralizacao | C79: Centralizacao: o proprio ente executa. Descentralizacao: cria ou delega a outra pessoa juridica. | D79: ALTA | E79: 0 | F79: 0 | G79: — | H79: =IFERROR(REPT("█",ROUND((E79/3*50+MIN(F79,20)/20*50)/10,0))&REPT("░",10-ROUND((E79/3*50+MIN(F79,20)/20*50)/10,0))&" "&TEXT((E79/3*50+MIN(F79,20)/20*50)/100,"0%"),"░░░░░░░░░░ 0%")
B80: Autarquias, fundacoes publicas, EP e SEM | C80: Autarquia: personalidade publica. EP e SEM: personalidade privada. FCC cobra o regime de pessoal. | D80: ALTA | E80: 0 | F80: 0 | G80: — | H80: =IFERROR(REPT("█",ROUND((E80/3*50+MIN(F80,20)/20*50)/10,0))&REPT("░",10-ROUND((E80/3*50+MIN(F80,20)/20*50)/10,0))&" "&TEXT((E80/3*50+MIN(F80,20)/20*50)/100,"0%"),"░░░░░░░░░░ 0%")
B81: Licitacoes - Lei 14.133/2021 - principios e modalidades | C81: Nova lei de licitacoes. Modalidades: pregao, concorrencia, concurso, leilao, dialogo competitivo. | D81: ALTA | E81: 0 | F81: 0 | G81: — | H81: =IFERROR(REPT("█",ROUND((E81/3*50+MIN(F81,20)/20*50)/10,0))&REPT("░",10-ROUND((E81/3*50+MIN(F81,20)/20*50)/10,0))&" "&TEXT((E81/3*50+MIN(F81,20)/20*50)/100,"0%"),"░░░░░░░░░░ 0%")
B82: Fases da licitacao e hipoteses de dispensa e inexigibilidade | C82: Dispensa: art.75 (rol taxativo). Inexigibilidade: art.74 (rol exemplificativo). FCC troca os dois. | D82: ALTA | E82: 0 | F82: 0 | G82: — | H82: =IFERROR(REPT("█",ROUND((E82/3*50+MIN(F82,20)/20*50)/10,0))&REPT("░",10-ROUND((E82/3*50+MIN(F82,20)/20*50)/10,0))&" "&TEXT((E82/3*50+MIN(F82,20)/20*50)/100,"0%"),"░░░░░░░░░░ 0%")
... B88: Responsabilidade civil do Estado - teoria do risco | C88: Responsabilidade objetiva. Excludentes: culpa exclusiva da vitima, caso fortuito, forca maior. | D88: ALTA | E88: 0 | F88: 0 | G88: — | H88: =IFERROR(REPT("█",ROUND((E88/3*50+MIN(F88,20)/20*50)/10,0))&REPT("░",10-ROUND((E88/3*50+MIN(F88,20)/20*50)/10,0))&" "&TEXT((E88/3*50+MIN(F88,20)/20*50)/100,"0%"),"░░░░░░░░░░ 0%")
B89: MEDIA — Direito Administrativo | D89: =IFERROR(TEXT(COUNTIF(D71:D88,"ALTA")/18,"0%")&" ALTA","—") | E89: =IFERROR(ROUND(AVERAGE(E71:E88),1)&" / 3","—") | F89: =IFERROR(SUM(F71:F88)&" q","0") | G89: =IFERROR(TEXT(COUNTIFS(E71:E88,3,F71:F88,">="&20)/18,"0%")&" dom.","0%") | H89: =IFERROR(REPT("█",ROUND((AVERAGE(E71:E88)/3*50+MIN(MIN(AVERAGE(F71:F88),20),20)/20*50)/10,0))&REPT("░",10-ROUND((AVERAGE(E71:E88)/3*50+MIN(MIN(AVERAGE(F71:F88),20),20)/20*50)/10,0))&" "&TEXT((AVERAGE(E71:E88)/3*50+MIN(MIN(AVERAGE(F71:F88),20),20)/20*50)/100,"0%"),"░░░░░░░░░░ 0%")
B91: ETICA NO SERVICO PUBLICO | 6% do edital | ~8 questoes (P1 - Peso 1)
B92: ASSUNTO / TOPICO DO EDITAL | C92: ARMADILHA DA BANCA FCC | D92: FCC COBRA | E92: DOMINIO (0-3) | F92: QUESTOES FEITAS | G92: ULTIMA REVISAO | H92: PROGRESSO (automatico)
B93: Etica e moral - conceitos gerais | C93: FCC troca etica por moral. Etica = principios gerais. Moral = normas do grupo. | D93: MEDIA | E93: 0 | F93: 0 | G93: — | H93: =IFERROR(REPT("█",ROUND((E93/3*50+MIN(F93,20)/20*50)/10,0))&REPT("░",10-ROUND((E93/3*50+MIN(F93,20)/20*50)/10,0))&" "&TEXT((E93/3*50+MIN(F93,20)/20*50)/100,"0%"),"░░░░░░░░░░ 0%")
B94: Codigo de Etica Dec. 1.171/94 - Secao I (regras deontologicas) | C94: FCC cobra Secao I como se fosse Secao II. Leia as duas separadamente. | D94: ALTA | E94: 0 | F94: 0 | G94: — | H94: =IFERROR(REPT("█",ROUND((E94/3*50+MIN(F94,20)/20*50)/10,0))&REPT("░",10-ROUND((E94/3*50+MIN(F94,20)/20*50)/10,0))&" "&TEXT((E94/3*50+MIN(F94,20)/20*50)/100,"0%"),"░░░░░░░░░░ 0%")
B95: Codigo de Etica Dec. 1.171/94 - Secao II (vedacoes ao servidor) | C95: Aceitar presente acima do valor fixado NAO e permitido - mesmo discretamente. | D95: ALTA | E95: 0 | F95: 0 | G95: — | H95: =IFERROR(REPT("█",ROUND((E95/3*50+MIN(F95,20)/20*50)/10,0))&REPT("░",10-ROUND((E95/3*50+MIN(F95,20)/20*50)/10,0))&" "&TEXT((E95/3*50+MIN(F95,20)/20*50)/100,"0%"),"░░░░░░░░░░ 0%")
B96: Comissao de Etica - composicao e competencias | C96: Comissao NAO tem poder punitivo direto. Aplica censura etica, nao pena administrativa. | D96: MEDIA | E96: 0 | F96: 0 | G96: — | H96: =IFERROR(REPT("█",ROUND((E96/3*50+MIN(F96,20)/20*50)/10,0))&REPT("░",10-ROUND((E96/3*50+MIN(F96,20)/20*50)/10,0))&" "&TEXT((E96/3*50+MIN(F96,20)/20*50)/100,"0%"),"░░░░░░░░░░ 0%")
B97: Deveres do servidor publico (Dec. 1.171/94) | C97: FCC troca dever de lealdade com dever de probidade. Sao conceitos diferentes. | D97: ALTA | E97: 0 | F97: 0 | G97: — | H97: =IFERROR(REPT("█",ROUND((E97/3*50+MIN(F97,20)/20*50)/10,0))&REPT("░",10-ROUND((E97/3*50+MIN(F97,20)/20*50)/10,0))&" "&TEXT((E97/3*50+MIN(F97,20)/20*50)/100,"0%"),"░░░░░░░░░░ 0%")
B98: Improbidade - enriquecimento ilicito art. 9 Lei 8.429/92 | C98: Independe de dano ao erario. O enriquecimento ilicito por si so configura improbidade. | D98: ALTA | E98: 0 | F98: 0 | G98: — | H98: =IFERROR(REPT("█",ROUND((E98/3*50+MIN(F98,20)/20*50)/10,0))&REPT("░",10-ROUND((E98/3*50+MIN(F98,20)/20*50)/10,0))&" "&TEXT((E98/3*50+MIN(F98,20)/20*50)/100,"0%"),"░░░░░░░░░░ 0%")
B99: Improbidade - dano ao erario art. 10 | C99: UNICO artigo que ainda admite culpa apos Lei 14.230/2021. Arts. 9 e 11 exigem dolo. | D99: ALTA | E99: 0 | F99: 0 | G99: — | H99: =IFERROR(REPT("█",ROUND((E99/3*50+MIN(F99,20)/20*50)/10,0))&REPT("░",10-ROUND((E99/3*50+MIN(F99,20)/20*50)/10,0))&" "&TEXT((E99/3*50+MIN(F99,20)/20*50)/100,"0%"),"░░░░░░░░░░ 0%")
B100: Improbidade - violacao de principios art. 11 | C100: Violar principio SEM dolo especifico nao configura improbidade apos Lei 14.230. | D100: ALTA | E100: 0 | F100: 0 | G100: — | H100: =IFERROR(REPT("█",ROUND((E100/3*50+MIN(F100,20)/20*50)/10,0))&REPT("░",10-ROUND((E100/3*50+MIN(F100,20)/20*50)/10,0))&" "&TEXT((E100/3*50+MIN(F100,20)/20*50)/100,"0%"),"░░░░░░░░░░ 0%")
B101: Dolo especifico - Lei 14.230/2021 | C101: Culpa nao basta mais. Qual artigo ainda admite culpa? Somente o art. 10. | D101: ALTA | E101: 0 | F101: 0 | G101: — | H101: =IFERROR(REPT("█",ROUND((E101/3*50+MIN(F101,20)/20*50)/10,0))&REPT("░",10-ROUND((E101/3*50+MIN(F101,20)/20*50)/10,0))&" "&TEXT((E101/3*50+MIN(F101,20)/20*50)/100,"0%"),"░░░░░░░░░░ 0%")
B102: Sancoes da Lei de Improbidade arts. 9, 10 e 11 | C102: Cada artigo tem sancoes diferentes. FCC frequentemente troca as sancoes entre artigos. | D102: MEDIA | E102: 0 | F102: 0 | G102: — | H102: =IFERROR(REPT("█",ROUND((E102/3*50+MIN(F102,20)/20*50)/10,0))&REPT("░",10-ROUND((E102/3*50+MIN(F102,20)/20*50)/10,0))&" "&TEXT((E102/3*50+MIN(F102,20)/20*50)/100,"0%"),"░░░░░░░░░░ 0%")
B103: Prescricao da improbidade apos Lei 14.230/2021 | C103: Prazo: 8 anos do fato. FCC confunde com prescricao penal que e de 5 anos. | D103: MEDIA | E103: 0 | F103: 0 | G103: — | H103: =IFERROR(REPT("█",ROUND((E103/3*50+MIN(F103,20)/20*50)/10,0))&REPT("░",10-ROUND((E103/3*50+MIN(F103,20)/20*50)/10,0))&" "&TEXT((E103/3*50+MIN(F103,20)/20*50)/100,"0%"),"░░░░░░░░░░ 0%")
B104: Processo Administrativo Lei 9.784/99 - principios | C104: FCC insere principios que NAO estao na lei. Leia o art. 2 literalmente. | D104: ALTA | E104: 0 | F104: 0 | G104: — | H104: =IFERROR(REPT("█",ROUND((E104/3*50+MIN(F104,20)/20*50)/10,0))&REPT("░",10-ROUND((E104/3*50+MIN(F104,20)/20*50)/10,0))&" "&TEXT((E104/3*50+MIN(F104,20)/20*50)/100,"0%"),"░░░░░░░░░░ 0%")
B105: Direitos e deveres do administrado arts. 3 e 4 | C105: FCC troca direito (art. 3) com dever (art. 4). Ciencia da tramitacao e direito. | D105: MEDIA | E105: 0 | F105: 0 | G105: — | H105: =IFERROR(REPT("█",ROUND((E105/3*50+MIN(F105,20)/20*50)/10,0))&REPT("░",10-ROUND((E105/3*50+MIN(F105,20)/20*50)/10,0))&" "&TEXT((E105/3*50+MIN(F105,20)/20*50)/100,"0%"),"░░░░░░░░░░ 0%")
B106: MEDIA — Etica no Servico Publico | D106: =IFERROR(TEXT(COUNTIF(D93:D105,"ALTA")/13,"0%")&" ALTA","—") | E106: =IFERROR(ROUND(AVERAGE(E93:E105),1)&" / 3","—") | F106: =IFERROR(SUM(F93:F105)&" q","0") | G106: =IFERROR(TEXT(COUNTIFS(E93:E105,3,F93:F105,">="&20)/13,"0%")&" dom.","0%") | H106: =IFERROR(REPT("█",ROUND((AVERAGE(E93:E105)/3*50+MIN(MIN(AVERAGE(F93:F105),20),20)/20*50)/10,0))&REPT("░",10-ROUND((AVERAGE(E93:E105)/3*50+MIN(MIN(AVERAGE(F93:F105),20),20)/20*50)/10,0))&" "&TEXT((AVERAGE(E93:E105)/3*50+MIN(MIN(AVERAGE(F93:F105),20),20)/20*50)/100,"0%"),"░░░░░░░░░░ 0%")
B108: MATEMATICA FINANCEIRA, ESTATISTICA E RACIOCINIO LOGICO | 15% do edital | ~12 questoes
B109: ASSUNTO / TOPICO DO EDITAL | C109: ARMADILHA DA BANCA FCC | D109: FCC COBRA | E109: DOMINIO (0-3) | F109: QUESTOES FEITAS | G109: ULTIMA REVISAO | H109: PROGRESSO (automatico)
B110: Juros simples e compostos - montante e juros | C110: FCC troca fórmula de juros simples com composto. Lembre: simples = linear, composto = exponencial | D110: ALTA | E110: 0 | F110: 0 | G110: — | H110: =IFERROR(REPT("█",ROUND((E110/3*50+MIN(F110,20)/20*50),0))&REPT("░",50-ROUND((E110/3*50+MIN(F110,20)/20*50),0)),"░░░░░░░░░░░░░░░░░░░░░░░░░░░░░░░░░░░░░░░░░░░░░░░░░░")
B111: Taxa real vs taxa nominal e taxas equivalentes | C111: FCC pede conversão entre taxas. Taxa real = [(1+nominal)/(1+inflação)] - 1 | D111: ALTA | E111: 0 | F111: 0 | G111: — | H111: =IFERROR(REPT("█",ROUND((E111/3*50+MIN(F111,20)/20*50),0))&REPT("░",50-ROUND((E111/3*50+MIN(F111,20)/20*50),0)),"░░░░░░░░░░░░░░░░░░░░░░░░░░░░░░░░░░░░░░░░░░░░░░░░░░")
B112: Descontos simples e compostos (racional e comercial) | C112: FCC troca desconto racional (por fora) com comercial (por dentro). Racional = sobre valor futuro | D112: MEDIA | E112: 0 | F112: 0 | G112: — | H112: =IFERROR(REPT("█",ROUND((E112/3*50+MIN(F112,20)/20*50),0))&REPT("░",50-ROUND((E112/3*50+MIN(F112,20)/20*50),0)),"░░░░░░░░░░░░░░░░░░░░░░░░░░░░░░░░░░░░░░░░░░░░░░░░░░")
B113: Amortizações - Sistemas Price, SAC e SAM | C113: FCC troca parcelas constantes (Price) com amortizações constantes (SAC). Price = parcela fixa | D113: ALTA | E113: 0 | F113: 0 | G113: — | H113: =IFERROR(REPT("█",ROUND((E113/3*50+MIN(F113,20)/20*50),0))&REPT("░",50-ROUND((E113/3*50+MIN(F113,20)/20*50),0)),"░░░░░░░░░░░░░░░░░░░░░░░░░░░░░░░░░░░░░░░░░░░░░░░░░░")
B114: Estatística descritiva - média, mediana, moda, variância e desvio padrão | C114: FCC pede qual medida é mais adequada para cada situação. Mediana = mais robusta a outliers | D114: ALTA | E114: 0 | F114: 0 | G114: — | H114: =IFERROR(REPT("█",ROUND((E114/3*50+MIN(F114,20)/20*50),0))&REPT("░",50-ROUND((E114/3*50+MIN(F114,20)/20*50),0)),"░░░░░░░░░░░░░░░░░░░░░░░░░░░░░░░░░░░░░░░░░░░░░░░░░░")
B115: Probabilidade - conceito, espaço amostral e distribuições | C115: FCC usa probabilidade condicional. P(A|B) = P(A∩B)/P(B) | D115: MEDIA | E115: 0 | F115: 0 | G115: — | H115: =IFERROR(REPT("█",ROUND((E115/3*50+MIN(F115,20)/20*50),0))&REPT("░",50-ROUND((E115/3*50+MIN(F115,20)/20*50),0)),"░░░░░░░░░░░░░░░░░░░░░░░░░░░░░░░░░░░░░░░░░░░░░░░░░░")
B116: Distribuições: Bernoulli, Binomial, Normal, Poisson | C116: FCC pede qual distribuição usar em cada contexto. Normal = fenômenos naturais | D116: MEDIA | E116: 0 | F116: 0 | G116: — | H116: =IFERROR(REPT("█",ROUND((E116/3*50+MIN(F116,20)/20*50),0))&REPT("░",50-ROUND((E116/3*50+MIN(F116,20)/20*50),0)),"░░░░░░░░░░░░░░░░░░░░░░░░░░░░░░░░░░░░░░░░░░░░░░░░░░")
B117: Inferência estatística - intervalos de confiança e testes de hipótese | C117: FCC confunde nível de confiança com nível de significância. α = 1 - nível de confiança | D117: MEDIA | E117: 0 | F117: 0 | G117: — | H117: =IFERROR(REPT("█",ROUND((E117/3*50+MIN(F117,20)/20*50),0))&REPT("░",50-ROUND((E117/3*50+MIN(F117,20)/20*50),0)),"░░░░░░░░░░░░░░░░░░░░░░░░░░░░░░░░░░░░░░░░░░░░░░░░░░")
B118: Correlação e regressão linear simples | C118: FCC pede interpretação do coeficiente R². R²=1 = ajuste perfeito | D118: MEDIA | E118: 0 | F118: 0 | G118: — | H118: =IFERROR(REPT("█",ROUND((E118/3*50+MIN(F118,20)/20*50),0))&REPT("░",50-ROUND((E118/3*50+MIN(F118,20)/20*50),0)),"░░░░░░░░░░░░░░░░░░░░░░░░░░░░░░░░░░░░░░░░░░░░░░░░░░")
B119: Raciocínio lógico - proposições, conectivos e tabela verdade | C119: FCC usa a forma lógica para invalidar alternativas. Atenção à negação de proposições compostas | D119: ALTA | E119: 0 | F119: 0 | G119: — | H119: =IFERROR(REPT("█",ROUND((E119/3*50+MIN(F119,20)/20*50),0))&REPT("░",50-ROUND((E119/3*50+MIN(F119,20)/20*50),0)),"░░░░░░░░░░░░░░░░░░░░░░░░░░░░░░░░░░░░░░░░░░░░░░░░░░")
B120: Raciocínio lógico - silogismos e argumentação válida | C120: FCC pede se o argumento é válido ou não. Válido ≠ verdadeiro | D120: ALTA | E120: 0 | F120: 0 | G120: — | H120: =IFERROR(REPT("█",ROUND((E120/3*50+MIN(F120,20)/20*50),0))&REPT("░",50-ROUND((E120/3*50+MIN(F120,20)/20*50),0)),"░░░░░░░░░░░░░░░░░░░░░░░░░░░░░░░░░░░░░░░░░░░░░░░░░░")
B121: Combinatória - arranjos, permutações e combinações | C121: FCC troca fórmula de combinação com arranjo. Combinação = ordem não importa | D121: MEDIA | E121: 0 | F121: 0 | G121: — | H121: =IFERROR(REPT("█",ROUND((E121/3*50+MIN(F121,20)/20*50),0))&REPT("░",50-ROUND((E121/3*50+MIN(F121,20)/20*50),0)),"░░░░░░░░░░░░░░░░░░░░░░░░░░░░░░░░░░░░░░░░░░░░░░░░░░")
B122: MEDIA — MATEMATICA FINANCEIRA, ESTATISTICA E RACIOCINIO LOGICO | D122: =IFERROR(TEXT(COUNTIF(D110:D121,"ALTA")/COUNTA(D110:D121),"0%")&" ALTA | "&TEXT(COUNTIF(D110:D121,"MEDIA")/COUNTA(D110:D121),"0%")&" MEDIA","—")
B123: ADMINISTRACAO E GOVERNANCA PUBLICA | 12% do edital | ~10 questoes
...

Sheet P2 - Conhecimentos TI
B2: P2 - CONHECIMENTOS TI
B3: Rota SEFAZ CE | FCC 2026 | Progresso = (Dominio/3 x 50%) + (Questoes/20 x 50%)
B5: DOMINIO = 50% do progresso 0 = Nao vi contribui 0% 1 = Vi uma vez contribui 17% 2 = Entendo contribui 33% 3 = Domino contribui 50% | E5: QUESTOES FCC = 50% do progresso Meta: 20 questoes por assunto 5q = 12,5% | 10q = 25% 20q = 50% (maximo desta parte) Ambos sao necessarios para 100%
B6: FORMULA: Progresso = (Dominio / 3 x 50%) + (Questoes / 20 x 50%) | Prova dia 02/08 (manha) | 80 questoes | PESO 2 (vale o dobro!)
B8: SEGURANCA DA INFORMACAO | 16% do edital | ~13 questoes (P2 - Peso 2)
B9: ASSUNTO / TOPICO DO EDITAL | C9: ARMADILHA DA BANCA FCC | D9: FCC COBRA | E9: DOMINIO (0-3) | F9: QUESTOES FEITAS | G9: ULTIMA REVISAO | H9: PROGRESSO (automatico)
B10: Fundamentos de SI - CIA triade | C10: Confidencialidade, Integridade, Disponibilidade + Autenticidade e Nao-repudio. Base de tudo. | D10: ALTA | E10: 0 | F10: 0 | G10: — | H10: =IFERROR(REPT("█",ROUND((E10/3*50+MIN(F10,20)/20*50)/10,0))&REPT("░",10-ROUND((E10/3*50+MIN(F10,20)/20*50)/10,0))&" "&TEXT((E10/3*50+MIN(F10,20)/20*50)/100,"0%"),"░░░░░░░░░░ 0%")
B11: Conceitos: ativo, ameaca, vulnerabilidade, risco e impacto | C11: Ativo = o que tem valor. Ameaca = causa potencial. Vulnerabilidade = fraqueza. Risco = ameaca x vulnerabilidade. | D11: ALTA | E11: 0 | F11: 0 | G11: — | H11: =IFERROR(REPT("█",ROUND((E11/3*50+MIN(F11,20)/20*50)/10,0))&REPT("░",10-ROUND((E11/3*50+MIN(F11,20)/20*50)/10,0))&" "&TEXT((E11/3*50+MIN(F11,20)/20*50)/100,"0%"),"░░░░░░░░░░ 0%")
B12: Criptografia simetrica - AES, DES, 3DES | C12: Uma chave para cifrar e decifrar. AES (padrao atual), DES (obsoleto), 3DES (intermediario). | D12: ALTA | E12: 0 | F12: 0 | G12: — | H12: =IFERROR(REPT("█",ROUND((E12/3*50+MIN(F12,20)/20*50)/10,0))&REPT("░",10-ROUND((E12/3*50+MIN(F12,20)/20*50)/10,0))&" "&TEXT((E12/3*50+MIN(F12,20)/20*50)/100,"0%"),"░░░░░░░░░░ 0%")
B13: Criptografia assimetrica - RSA e ECC | C13: Par de chaves: publica cifra, privada decifra. Na ASSINATURA DIGITAL e ao contrario: privada assina. | D13: ALTA | E13: 0 | F13: 0 | G13: — | H13: =IFERROR(REPT("█",ROUND((E13/3*50+MIN(F13,20)/20*50)/10,0))&REPT("░",10-ROUND((E13/3*50+MIN(F13,20)/20*50)/10,0))&" "&TEXT((E13/3*50+MIN(F13,20)/20*50)/100,"0%"),"░░░░░░░░░░ 0%")
B14: Hash - MD5, SHA-1, SHA-256 | C14: Funcao unidirecional - nao tem como 'decifrar' um hash. Usado para integridade e senhas. | D14: ALTA | E14: 0 | F14: 0 | G14: — | H14: =IFERROR(REPT("█",ROUND((E14/3*50+MIN(F14,20)/20*50)/10,0))&REPT("░",10-ROUND((E14/3*50+MIN(F14,20)/20*50)/10,0))&" "&TEXT((E14/3*50+MIN(F14,20)/20*50)/100,"0%"),"░░░░░░░░░░ 0%")
B15: Assinatura digital e certificado X.509 | C15: Assinatura: chave PRIVADA cria, chave PUBLICA verifica. Certificado: vincula identidade a chave publica. | D15: ALTA | E15: 0 | F15: 0 | G15: — | H15: =IFERROR(REPT("█",ROUND((E15/3*50+MIN(F15,20)/20*50)/10,0))&REPT("░",10-ROUND((E15/3*50+MIN(F15,20)/20*50)/10,0))&" "&TEXT((E15/3*50+MIN(F15,20)/20*50)/100,"0%"),"░░░░░░░░░░ 0%")
B16: PKI e ICP-Brasil - hierarquia de certificacao | C16: AC-Raiz (autoridade maxima), AC intermediarias, AR (registro). ICP-Brasil: infraestrutura nacional. | D16: ALTA | E16: 0 | F16: 0 | G16: — | H16: =IFERROR(REPT("█",ROUND((E16/3*50+MIN(F16,20)/20*50)/10,0))&REPT("░",10-ROUND((E16/3*50+MIN(F16,20)/20*50)/10,0))&" "&TEXT((E16/3*50+MIN(F16,20)/20*50)/100,"0%"),"░░░░░░░░░░ 0%")
B17: LGPD no contexto de SI - incidentes e DPO | C17: Incidente de seguranca deve ser comunicado a ANPD. DPO (encarregado): ponte entre controlador e ANPD. | D17: ALTA | E17: 0 | F17: 0 | G17: — | H17: =IFERROR(REPT("█",ROUND((E17/3*50+MIN(F17,20)/20*50)/10,0))&REPT("░",10-ROUND((E17/3*50+MIN(F17,20)/20*50)/10,0))&" "&TEXT((E17/3*50+MIN(F17,20)/20*50)/100,"0%"),"░░░░░░░░░░ 0%")
B18: ISO/IEC 27001 - SGSI e estrutura | C18: Sistema de Gestao de SI. Ciclo PDCA. Clausulas 4 a 10. Declaracao de Aplicabilidade (SoA). | D18: ALTA | E18: 0 | F18: 0 | G18: — | H18: =IFERROR(REPT("█",ROUND((E18/3*50+MIN(F18,20)/20*50)/10,0))&REPT("░",10-ROUND((E18/3*50+MIN(F18,20)/20*50)/10,0))&" "&TEXT((E18/3*50+MIN(F18,20)/20*50)/100,"0%"),"░░░░░░░░░░ 0%")
B19: ISO/IEC 27002 - controles de seguranca | C19: 114 controles em 14 secoes (versao 2013) ou 93 controles em 4 temas (versao 2022). | D19: ALTA | E19: 0 | F19: 0 | G19: — | H19: =IFERROR(REPT("█",ROUND((E19/3*50+MIN(F19,20)/20*50)/10,0))&REPT("░",10-ROUND((E19/3*50+MIN(F19,20)/20*50)/10,0))&" "&TEXT((E19/3*50+MIN(F19,20)/20*50)/100,"0%"),"░░░░░░░░░░ 0%")
B20: Gestao de riscos - NIST SP 800-30 | C20: Identificar, analisar, avaliar, tratar (aceitar, mitigar, transferir, evitar) e monitorar riscos. | D20: ALTA | E20: 0 | F20: 0 | G20: — | H20: =IFERROR(REPT("█",ROUND((E20/3*50+MIN(F20,20)/20*50)/10,0))&REPT("░",10-ROUND((E20/3*50+MIN(F20,20)/20*50)/10,0))&" "&TEXT((E20/3*50+MIN(F20,20)/20*50)/100,"0%"),"░░░░░░░░░░ 0%")
B21: Tipos de malware - virus, worm, ransomware, trojan | C21: Virus: precisa de hospedeiro. Worm: se propaga sozinho. Ransomware: sequestra dados. Trojan: se disfarça. | D21: ALTA | E21: 0 | F21: 0 | G21: — | H21: =IFERROR(REPT("█",ROUND((E21/3*50+MIN(F21,20)/20*50)/10,0))&REPT("░",10-ROUND((E21/3*50+MIN(F21,20)/20*50)/10,0))&" "&TEXT((E21/3*50+MIN(F21,20)/20*50)/100,"0%"),"░░░░░░░░░░ 0%")
... B27: SIEM, IDS e IPS | C27: IDS: detecta e alerta (nao bloqueia). IPS: detecta e BLOQUEIA. SIEM: correlaciona eventos de seguranca. | D27: ALTA | E27: 0 | F27: 0 | G27: — | H27: =IFERROR(REPT("█",ROUND((E27/3*50+MIN(F27,20)/20*50)/10,0))&REPT("░",10-ROUND((E27/3*50+MIN(F27,20)/20*50)/10,0))&" "&TEXT((E27/3*50+MIN(F27,20)/20*50)/100,"0%"),"░░░░░░░░░░ 0%")
B28: MEDIA — Seguranca da Informacao | D28: =IFERROR(TEXT(COUNTIF(D10:D27,"ALTA")/18,"0%")&" ALTA","—") | E28: =IFERROR(ROUND(AVERAGE(E10:E27),1)&" / 3","—") | F28: =IFERROR(SUM(F10:F27)&" q","0") | G28: =IFERROR(TEXT(COUNTIFS(E10:E27,3,F10:F27,">="&20)/18,"0%")&" dom.","0%") | H28: =IFERROR(REPT("█",ROUND((AVERAGE(E10:E27)/3*50+MIN(MIN(AVERAGE(F10:F27),20),20)/20*50)/10,0))&REPT("░",10-ROUND((AVERAGE(E10:E27)/3*50+MIN(MIN(AVERAGE(F10:F27),20),20)/20*50)/10,0))&" "&TEXT((AVERAGE(E10:E27)/3*50+MIN(MIN(AVERAGE(F10:F27),20),20)/20*50)/100,"0%"),"░░░░░░░░░░ 0%")
B30: BANCO DE DADOS | 14% do edital | ~11 questoes (P2 - Peso 2)
B31: ASSUNTO / TOPICO DO EDITAL | C31: ARMADILHA DA BANCA FCC | D31: FCC COBRA | E31: DOMINIO (0-3) | F31: QUESTOES FEITAS | G31: ULTIMA REVISAO | H31: PROGRESSO (automatico)
B32: Modelagem ER - entidades, atributos e relacionamentos | C32: Entidade: objeto. Atributo: simples, composto, multivalorado, derivado. Relacionamento: entre entidades. | D32: ALTA | E32: 0 | F32: 0 | G32: — | H32: =IFERROR(REPT("█",ROUND((E32/3*50+MIN(F32,20)/20*50)/10,0))&REPT("░",10-ROUND((E32/3*50+MIN(F32,20)/20*50)/10,0))&" "&TEXT((E32/3*50+MIN(F32,20)/20*50)/100,"0%"),"░░░░░░░░░░ 0%")
B33: Cardinalidade - 1:1, 1:N e M:N | C33: FCC apresenta diagrama ER e pede a cardinalidade correta. Saber identificar a partir do enunciado. | D33: ALTA | E33: 0 | F33: 0 | G33: — | H33: =IFERROR(REPT("█",ROUND((E33/3*50+MIN(F33,20)/20*50)/10,0))&REPT("░",10-ROUND((E33/3*50+MIN(F33,20)/20*50)/10,0))&" "&TEXT((E33/3*50+MIN(F33,20)/20*50)/100,"0%"),"░░░░░░░░░░ 0%")
B34: Chave primaria (PK) e chave estrangeira (FK) | C34: PK: identifica unicamente. FK: referencia PK de outra tabela. FCC cobra violacoes de integridade referencial. | D34: ALTA | E34: 0 | F34: 0 | G34: — | H34: =IFERROR(REPT("█",ROUND((E34/3*50+MIN(F34,20)/20*50)/10,0))&REPT("░",10-ROUND((E34/3*50+MIN(F34,20)/20*50)/10,0))&" "&TEXT((E34/3*50+MIN(F34,20)/20*50)/100,"0%"),"░░░░░░░░░░ 0%")
B35: Normalizacao - 1FN, 2FN, 3FN e BCNF | C35: 1FN: atributos atomicos. 2FN: dependencia total da PK. 3FN: sem dependencia transitiva. FCC SEMPRE cobra. | D35: ALTA | E35: 0 | F35: 0 | G35: — | H35: =IFERROR(REPT("█",ROUND((E35/3*50+MIN(F35,20)/20*50)/10,0))&REPT("░",10-ROUND((E35/3*50+MIN(F35,20)/20*50)/10,0))&" "&TEXT((E35/3*50+MIN(F35,20)/20*50)/100,"0%"),"░░░░░░░░░░ 0%")
B36: SQL DDL - CREATE TABLE, ALTER, DROP | C36: Tipos de dados, constraints (NOT NULL, UNIQUE, CHECK, DEFAULT, PK, FK). FCC apresenta codigo para analisar. | D36: ALTA | E36: 0 | F36: 0 | G36: — | H36: =IFERROR(REPT("█",ROUND((E36/3*50+MIN(F36,20)/20*50)/10,0))&REPT("░",10-ROUND((E36/3*50+MIN(F36,20)/20*50)/10,0))&" "&TEXT((E36/3*50+MIN(F36,20)/20*50)/100,"0%"),"░░░░░░░░░░ 0%")
B37: SQL DML - SELECT, INSERT, UPDATE, DELETE | C37: SELECT com WHERE, ORDER BY, GROUP BY, HAVING, DISTINCT. FCC apresenta query e pede o resultado. | D37: ALTA | E37: 0 | F37: 0 | G37: — | H37: =IFERROR(REPT("█",ROUND((E37/3*50+MIN(F37,20)/20*50)/10,0))&REPT("░",10-ROUND((E37/3*50+MIN(F37,20)/20*50)/10,0))&" "&TEXT((E37/3*50+MIN(F37,20)/20*50)/100,"0%"),"░░░░░░░░░░ 0%")
B38: SQL - JOINs: INNER, LEFT, RIGHT, FULL OUTER, CROSS | C38: INNER: so os que tem correspondencia. LEFT: todos da esquerda. FCC troca LEFT com INNER. | D38: ALTA | E38: 0 | F38: 0 | G38: — | H38: =IFERROR(REPT("█",ROUND((E38/3*50+MIN(F38,20)/20*50)/10,0))&REPT("░",10-ROUND((E38/3*50+MIN(F38,20)/20*50)/10,0))&" "&TEXT((E38/3*50+MIN(F38,20)/20*50)/100,"0%"),"░░░░░░░░░░ 0%")
B39: SQL - Subqueries e funcoes de agregacao | C39: COUNT, SUM, AVG, MAX, MIN. Subquery correlacionada vs nao-correlacionada. FCC cobra sintaxe. | D39: ALTA | E39: 0 | F39: 0 | G39: — | H39: =IFERROR(REPT("█",ROUND((E39/3*50+MIN(F39,20)/20*50)/10,0))&REPT("░",10-ROUND((E39/3*50+MIN(F39,20)/20*50)/10,0))&" "&TEXT((E39/3*50+MIN(F39,20)/20*50)/100,"0%"),"░░░░░░░░░░ 0%")
B40: Transacoes e propriedades ACID | C40: Atomicidade, Consistencia, Isolamento, Durabilidade. COMMIT, ROLLBACK, SAVEPOINT. | D40: ALTA | E40: 0 | F40: 0 | G40: — | H40: =IFERROR(REPT("█",ROUND((E40/3*50+MIN(F40,20)/20*50)/10,0))&REPT("░",10-ROUND((E40/3*50+MIN(F40,20)/20*50)/10,0))&" "&TEXT((E40/3*50+MIN(F40,20)/20*50)/100,"0%"),"░░░░░░░░░░ 0%")
B41: Niveis de isolamento de transacoes | C41: Read uncommitted, read committed, repeatable read, serializable. Problemas: dirty read, phantom read. | D41: MEDIA | E41: 0 | F41: 0 | G41: — | H41: =IFERROR(REPT("█",ROUND((E41/3*50+MIN(F41,20)/20*50)/10,0))&REPT("░",10-ROUND((E41/3*50+MIN(F41,20)/20*50)/10,0))&" "&TEXT((E41/3*50+MIN(F41,20)/20*50)/100,"0%"),"░░░░░░░░░░ 0%")
B42: Indices - B-tree, hash e bitmap | C42: B-tree: buscas por range. Hash: igualdade exata. Bitmap: baixa cardinalidade. Custo de manutencao. | D42: MEDIA | E42: 0 | F42: 0 | G42: — | H42: =IFERROR(REPT("█",ROUND((E42/3*50+MIN(F42,20)/20*50)/10,0))&REPT("░",10-ROUND((E42/3*50+MIN(F42,20)/20*50)/10,0))&" "&TEXT((E42/3*50+MIN(F42,20)/20*50)/100,"0%"),"░░░░░░░░░░ 0%")
B43: Views, stored procedures, triggers e functions | C43: View: consulta armazenada. SP: procedimento. Trigger: disparo automatico por evento. FCC cobra diferencas. | D43: MEDIA | E43: 0 | F43: 0 | G43: — | H43: =IFERROR(REPT("█",ROUND((E43/3*50+MIN(F43,20)/20*50)/10,0))&REPT("░",10-ROUND((E43/3*50+MIN(F43,20)/20*50)/10,0))&" "&TEXT((E43/3*50+MIN(F43,20)/20*50)/100,"0%"),"░░░░░░░░░░ 0%")
... B48: Seguranca em banco de dados - controle de acesso | C48: GRANT, REVOKE, criacao de roles. SQL Injection: causa, prevencao (prepared statements). | D48: MEDIA | E48: 0 | F48: 0 | G48: — | H48: =IFERROR(REPT("█",ROUND((E48/3*50+MIN(F48,20)/20*50)/10,0))&REPT("░",10-ROUND((E48/3*50+MIN(F48,20)/20*50)/10,0))&" "&TEXT((E48/3*50+MIN(F48,20)/20*50)/100,"0%"),"░░░░░░░░░░ 0%")
B49: MEDIA — Banco de Dados | D49: =IFERROR(TEXT(COUNTIF(D32:D48,"ALTA")/17,"0%")&" ALTA","—") | E49: =IFERROR(ROUND(AVERAGE(E32:E48),1)&" / 3","—") | F49: =IFERROR(SUM(F32:F48)&" q","0") | G49: =IFERROR(TEXT(COUNTIFS(E32:E48,3,F32:F48,">="&20)/17,"0%")&" dom.","0%") | H49: =IFERROR(REPT("█",ROUND((AVERAGE(E32:E48)/3*50+MIN(MIN(AVERAGE(F32:F48),20),20)/20*50)/10,0))&REPT("░",10-ROUND((AVERAGE(E32:E48)/3*50+MIN(MIN(AVERAGE(F32:F48),20),20)/20*50)/10,0))&" "&TEXT((AVERAGE(E32:E48)/3*50+MIN(MIN(AVERAGE(F32:F48),20),20)/20*50)/100,"0%"),"░░░░░░░░░░ 0%")
B51: REDES DE COMPUTADORES | 15% do edital | ~12 questoes (P2 - Peso 2)
B52: ASSUNTO / TOPICO DO EDITAL | C52: ARMADILHA DA BANCA FCC | D52: FCC COBRA | E52: DOMINIO (0-3) | F52: QUESTOES FEITAS | G52: ULTIMA REVISAO | H52: PROGRESSO (automatico)
B53: Modelo OSI - 7 camadas, PDUs, protocolos e equipamentos | C53: Fisica, Enlace, Rede, Transporte, Sessao, Apresentacao, Aplicacao. PDU de cada camada. COBRADO SEMPRE. | D53: ALTA | E53: 0 | F53: 0 | G53: — | H53: =IFERROR(REPT("█",ROUND((E53/3*50+MIN(F53,20)/20*50)/10,0))&REPT("░",10-ROUND((E53/3*50+MIN(F53,20)/20*50)/10,0))&" "&TEXT((E53/3*50+MIN(F53,20)/20*50)/100,"0%"),"░░░░░░░░░░ 0%")
B54: Modelo TCP/IP - 4 camadas e comparacao com OSI | C54: Acesso a rede, Internet, Transporte, Aplicacao. Mapeamento com OSI. FCC cobra a correspondencia. | D54: ALTA | E54: 0 | F54: 0 | G54: — | H54: =IFERROR(REPT("█",ROUND((E54/3*50+MIN(F54,20)/20*50)/10,0))&REPT("░",10-ROUND((E54/3*50+MIN(F54,20)/20*50)/10,0))&" "&TEXT((E54/3*50+MIN(F54,20)/20*50)/100,"0%"),"░░░░░░░░░░ 0%")
B55: Enderecamento IPv4 - classes, mascara e CIDR | C55: Classe A/B/C. Mascara de sub-rede. Notacao CIDR /24 /25 /26. FCC cobra interpretacao do endereco. | D55: ALTA | E55: 0 | F55: 0 | G55: — | H55: =IFERROR(REPT("█",ROUND((E55/3*50+MIN(F55,20)/20*50)/10,0))&REPT("░",10-ROUND((E55/3*50+MIN(F55,20)/20*50)/10,0))&" "&TEXT((E55/3*50+MIN(F55,20)/20*50)/100,"0%"),"░░░░░░░░░░ 0%")
B56: Subnetting - calculo de hosts, broadcast e rede | C56: Hosts validos = 2^n - 2. FCC apresenta um endereco e pede broadcast, hosts ou proxima sub-rede. | D56: ALTA | E56: 0 | F56: 0 | G56: — | H56: =IFERROR(REPT("█",ROUND((E56/3*50+MIN(F56,20)/20*50)/10,0))&REPT("░",10-ROUND((E56/3*50+MIN(F56,20)/20*50)/10,0))&" "&TEXT((E56/3*50+MIN(F56,20)/20*50)/100,"0%"),"░░░░░░░░░░ 0%")
B57: Protocolos e portas - decorar as principais | C57: HTTP/80, HTTPS/443, FTP/21, SSH/22, SMTP/25, DNS/53, DHCP/67-68, POP3/110, IMAP/143, RDP/3389. | D57: ALTA | E57: 0 | F57: 0 | G57: — | H57: =IFERROR(REPT("█",ROUND((E57/3*50+MIN(F57,20)/20*50)/10,0))&REPT("░",10-ROUND((E57/3*50+MIN(F57,20)/20*50)/10,0))&" "&TEXT((E57/3*50+MIN(F57,20)/20*50)/100,"0%"),"░░░░░░░░░░ 0%")
B58: Protocolos da camada de aplicacao - DNS, DHCP, HTTP | C58: DNS: resolucao de nomes. DHCP: atribuicao automatica de IP. HTTP vs HTTPS (com TLS). | D58: ALTA | E58: 0 | F58: 0 | G58: — | H58: =IFERROR(REPT("█",ROUND((E58/3*50+MIN(F58,20)/20*50)/10,0))&REPT("░",10-ROUND((E58/3*50+MIN(F58,20)/20*50)/10,0))&" "&TEXT((E58/3*50+MIN(F58,20)/20*50)/100,"0%"),"░░░░░░░░░░ 0%")
B59: Protocolos de roteamento - RIP, OSPF e BGP | C59: RIP: vetor de distancia, max 15 hops. OSPF: estado de enlace, sem limite de hops. BGP: entre AS. | D59: ALTA | E59: 0 | F59: 0 | G59: — | H59: =IFERROR(REPT("█",ROUND((E59/3*50+MIN(F59,20)/20*50)/10,0))&REPT("░",10-ROUND((E59/3*50+MIN(F59,20)/20*50)/10,0))&" "&TEXT((E59/3*50+MIN(F59,20)/20*50)/100,"0%"),"░░░░░░░░░░ 0%")
B60: Firewall - tipos e funcoes | C60: Packet filter (stateless), stateful inspection, UTM, NGFW. DMZ: rede semi-confiavel entre firewalls. | D60: ALTA | E60: 0 | F60: 0 | G60: — | H60: =IFERROR(REPT("█",ROUND((E60/3*50+MIN(F60,20)/20*50)/10,0))&REPT("░",10-ROUND((E60/3*50+MIN(F60,20)/20*50)/10,0))&" "&TEXT((E60/3*50+MIN(F60,20)/20*50)/100,"0%"),"░░░░░░░░░░ 0%")
B61: IDS e IPS - distincao fundamental | C61: IDS: detecta e ALERTA (nao bloqueia). IPS: detecta e BLOQUEIA. FCC sempre troca os dois. | D61: ALTA | E61: 0 | F61: 0 | G61: — | H61: =IFERROR(REPT("█",ROUND((E61/3*50+MIN(F61,20)/20*50)/10,0))&REPT("░",10-ROUND((E61/3*50+MIN(F61,20)/20*50)/10,0))&" "&TEXT((E61/3*50+MIN(F61,20)/20*50)/100,"0%"),"░░░░░░░░░░ 0%")
B62: VPN - tipos e protocolos | C62: IPSec (camada 3), SSL/TLS (camada 4/7), L2TP/IPSec. Site-to-site vs cliente-to-site. | D62: ALTA | E62: 0 | F62: 0 | G62: — | H62: =IFERROR(REPT("█",ROUND((E62/3*50+MIN(F62,20)/20*50)/10,0))&REPT("░",10-ROUND((E62/3*50+MIN(F62,20)/20*50)/10,0))&" "&TEXT((E62/3*50+MIN(F62,20)/20*50)/100,"0%"),"░░░░░░░░░░ 0%")
B63: Wireless - padroes 802.11 e seguranca Wi-Fi | C63: 802.11b/g/n/ac/ax. WEP (quebrado), WPA, WPA2 (AES/CCMP), WPA3. FCC cobra evolucao dos padroes. | D63: ALTA | E63: 0 | F63: 0 | G63: — | H63: =IFERROR(REPT("█",ROUND((E63/3*50+MIN(F63,20)/20*50)/10,0))&REPT("░",10-ROUND((E63/3*50+MIN(F63,20)/20*50)/10,0))&" "&TEXT((E63/3*50+MIN(F63,20)/20*50)/100,"0%"),"░░░░░░░░░░ 0%")
B64: VLANs - padrao 802.1Q e funcionamento | C64: VLAN segmenta logicamente a rede. Trunk port: carrega multiplas VLANs. FCC cobra o conceito. | D64: MEDIA | E64: 0 | F64: 0 | G64: — | H64: =IFERROR(REPT("█",ROUND((E64/3*50+MIN(F64,20)/20*50)/10,0))&REPT("░",10-ROUND((E64/3*50+MIN(F64,20)/20*50)/10,0))&" "&TEXT((E64/3*50+MIN(F64,20)/20*50)/100,"0%"),"░░░░░░░░░░ 0%")
... B70: QoS - qualidade de servico | C70: Priorizacao de trafego. DiffServ, DSCP. Latencia, jitter, largura de banda, perda de pacotes. | D70: BAIXA | E70: 0 | F70: 0 | G70: — | H70: =IFERROR(REPT("█",ROUND((E70/3*50+MIN(F70,20)/20*50)/10,0))&REPT("░",10-ROUND((E70/3*50+MIN(F70,20)/20*50)/10,0))&" "&TEXT((E70/3*50+MIN(F70,20)/20*50)/100,"0%"),"░░░░░░░░░░ 0%")
B71: MEDIA — Redes de Computadores | D71: =IFERROR(TEXT(COUNTIF(D53:D70,"ALTA")/18,"0%")&" ALTA","—") | E71: =IFERROR(ROUND(AVERAGE(E53:E70),1)&" / 3","—") | F71: =IFERROR(SUM(F53:F70)&" q","0") | G71: =IFERROR(TEXT(COUNTIFS(E53:E70,3,F53:F70,">="&20)/18,"0%")&" dom.","0%") | H71: =IFERROR(REPT("█",ROUND((AVERAGE(E53:E70)/3*50+MIN(MIN(AVERAGE(F53:F70),20),20)/20*50)/10,0))&REPT("░",10-ROUND((AVERAGE(E53:E70)/3*50+MIN(MIN(AVERAGE(F53:F70),20),20)/20*50)/10,0))&" "&TEXT((AVERAGE(E53:E70)/3*50+MIN(MIN(AVERAGE(F53:F70),20),20)/20*50)/100,"0%"),"░░░░░░░░░░ 0%")
B73: ARQUITETURA DE SISTEMAS | 13% do edital | ~10 questoes (P2 - Peso 2)
B74: ASSUNTO / TOPICO DO EDITAL | C74: ARMADILHA DA BANCA FCC | D74: FCC COBRA | E74: DOMINIO (0-3) | F74: QUESTOES FEITAS | G74: ULTIMA REVISAO | H74: PROGRESSO (automatico)
B75: Cloud computing - modelos de servico IaaS PaaS SaaS | C75: IaaS: infraestrutura. PaaS: plataforma. SaaS: software pronto. FCC usa exemplos praticos para cobrar. | D75: ALTA | E75: 0 | F75: 0 | G75: — | H75: =IFERROR(REPT("█",ROUND((E75/3*50+MIN(F75,20)/20*50)/10,0))&REPT("░",10-ROUND((E75/3*50+MIN(F75,20)/20*50)/10,0))&" "&TEXT((E75/3*50+MIN(F75,20)/20*50)/100,"0%"),"░░░░░░░░░░ 0%")
B76: Cloud - modelos de implantacao | C76: Publico, privado, hibrido, multi-cloud, comunitario. FCC pergunta qual modelo em cenario especifico. | D76: ALTA | E76: 0 | F76: 0 | G76: — | H76: =IFERROR(REPT("█",ROUND((E76/3*50+MIN(F76,20)/20*50)/10,0))&REPT("░",10-ROUND((E76/3*50+MIN(F76,20)/20*50)/10,0))&" "&TEXT((E76/3*50+MIN(F76,20)/20*50)/100,"0%"),"░░░░░░░░░░ 0%")
B77: Responsabilidade compartilhada na nuvem | C77: O que e responsabilidade do cliente vs do provedor varia por modelo (IaaS/PaaS/SaaS). | D77: ALTA | E77: 0 | F77: 0 | G77: — | H77: =IFERROR(REPT("█",ROUND((E77/3*50+MIN(F77,20)/20*50)/10,0))&REPT("░",10-ROUND((E77/3*50+MIN(F77,20)/20*50)/10,0))&" "&TEXT((E77/3*50+MIN(F77,20)/20*50)/100,"0%"),"░░░░░░░░░░ 0%")
B78: Principais servicos AWS e Azure | C78: EC2/VM, S3/Blob, RDS, Lambda/Functions, VPC/VNet. FCC cobra funcao de cada servico. | D78: ALTA | E78: 0 | F78: 0 | G78: — | H78: =IFERROR(REPT("█",ROUND((E78/3*50+MIN(F78,20)/20*50)/10,0))&REPT("░",10-ROUND((E78/3*50+MIN(F78,20)/20*50)/10,0))&" "&TEXT((E78/3*50+MIN(F78,20)/20*50)/100,"0%"),"░░░░░░░░░░ 0%")
B79: REST e RESTful - principios e caracteristicas | C79: Stateless, uniform interface, client-server, cacheable, layered, code-on-demand. Sem estado = sem sessao. | D79: ALTA | E79: 0 | F79: 0 | G79: — | H79: =IFERROR(REPT("█",ROUND((E79/3*50+MIN(F79,20)/20*50)/10,0))&REPT("░",10-ROUND((E79/3*50+MIN(F79,20)/20*50)/10,0))&" "&TEXT((E79/3*50+MIN(F79,20)/20*50)/100,"0%"),"░░░░░░░░░░ 0%")
B80: REST - HTTP methods e status codes | C80: GET/POST/PUT/DELETE/PATCH. 200 OK, 201 Created, 400 Bad Request, 401, 403, 404, 500. | D80: ALTA | E80: 0 | F80: 0 | G80: — | H80: =IFERROR(REPT("█",ROUND((E80/3*50+MIN(F80,20)/20*50)/10,0))&REPT("░",10-ROUND((E80/3*50+MIN(F80,20)/20*50)/10,0))&" "&TEXT((E80/3*50+MIN(F80,20)/20*50)/100,"0%"),"░░░░░░░░░░ 0%")
B81: Autenticacao em APIs - OAuth 2.0 e JWT | C81: OAuth 2.0: delegacao de acesso. JWT: token autocontido (header.payload.signature). | D81: ALTA | E81: 0 | F81: 0 | G81: — | H81: =IFERROR(REPT("█",ROUND((E81/3*50+MIN(F81,20)/20*50)/10,0))&REPT("░",10-ROUND((E81/3*50+MIN(F81,20)/20*50)/10,0))&" "&TEXT((E81/3*50+MIN(F81,20)/20*50)/100,"0%"),"░░░░░░░░░░ 0%")
B82: SOA - arquitetura orientada a servicos | C82: Servicos, contrato, ESB (barramento). Reuso e interoperabilidade. FCC compara com microsservicos. | D82: ALTA | E82: 0 | F82: 0 | G82: — | H82: =IFERROR(REPT("█",ROUND((E82/3*50+MIN(F82,20)/20*50)/10,0))&REPT("░",10-ROUND((E82/3*50+MIN(F82,20)/20*50)/10,0))&" "&TEXT((E82/3*50+MIN(F82,20)/20*50)/100,"0%"),"░░░░░░░░░░ 0%")
B83: Microsservicos - caracteristicas e diferencas para SOA | C83: Independentes, deployaveis separadamente, API Gateway, comunicacao assincrona. FCC cobra diferencas. | D83: ALTA | E83: 0 | F83: 0 | G83: — | H83: =IFERROR(REPT("█",ROUND((E83/3*50+MIN(F83,20)/20*50)/10,0))&REPT("░",10-ROUND((E83/3*50+MIN(F83,20)/20*50)/10,0))&" "&TEXT((E83/3*50+MIN(F83,20)/20*50)/100,"0%"),"░░░░░░░░░░ 0%")
B84: Padroes arquiteturais - MVC, MVP, MVVM | C84: MVC: Model-View-Controller. Separacao de responsabilidades. FCC pergunta qual camada faz o que. | D84: ALTA | E84: 0 | F84: 0 | G84: — | H84: =IFERROR(REPT("█",ROUND((E84/3*50+MIN(F84,20)/20*50)/10,0))&REPT("░",10-ROUND((E84/3*50+MIN(F84,20)/20*50)/10,0))&" "&TEXT((E84/3*50+MIN(F84,20)/20*50)/100,"0%"),"░░░░░░░░░░ 0%")
B85: Padroes de projeto GoF - criacionais, estruturais, comportamentais | C85: Singleton, Factory, Observer, Strategy, Decorator, Adapter. FCC cobra o proposito de cada um. | D85: MEDIA | E85: 0 | F85: 0 | G85: — | H85: =IFERROR(REPT("█",ROUND((E85/3*50+MIN(F85,20)/20*50)/10,0))&REPT("░",10-ROUND((E85/3*50+MIN(F85,20)/20*50)/10,0))&" "&TEXT((E85/3*50+MIN(F85,20)/20*50)/100,"0%"),"░░░░░░░░░░ 0%")
B86: Integracao de sistemas - pub/sub e message broker | C86: Publisher/Subscriber. RabbitMQ, Kafka (conceitos). Desacoplamento assincrono entre sistemas. | D86: MEDIA | E86: 0 | F86: 0 | G86: — | H86: =IFERROR(REPT("█",ROUND((E86/3*50+MIN(F86,20)/20*50)/10,0))&REPT("░",10-ROUND((E86/3*50+MIN(F86,20)/20*50)/10,0))&" "&TEXT((E86/3*50+MIN(F86,20)/20*50)/100,"0%"),"░░░░░░░░░░ 0%")
... B90: SOAP vs REST - diferencas e quando usar | C90: SOAP: protocolo formal, XML, WS-Security. REST: estilo arquitetural, JSON, mais simples. | D90: MEDIA | E90: 0 | F90: 0 | G90: — | H90: =IFERROR(REPT("█",ROUND((E90/3*50+MIN(F90,20)/20*50)/10,0))&REPT("░",10-ROUND((E90/3*50+MIN(F90,20)/20*50)/10,0))&" "&TEXT((E90/3*50+MIN(F90,20)/20*50)/100,"0%"),"░░░░░░░░░░ 0%")
B91: MEDIA — Arquitetura de Sistemas | D91: =IFERROR(TEXT(COUNTIF(D75:D90,"ALTA")/16,"0%")&" ALTA","—") | E91: =IFERROR(ROUND(AVERAGE(E75:E90),1)&" / 3","—") | F91: =IFERROR(SUM(F75:F90)&" q","0") | G91: =IFERROR(TEXT(COUNTIFS(E75:E90,3,F75:F90,">="&20)/16,"0%")&" dom.","0%") | H91: =IFERROR(REPT("█",ROUND((AVERAGE(E75:E90)/3*50+MIN(MIN(AVERAGE(F75:F90),20),20)/20*50)/10,0))&REPT("░",10-ROUND((AVERAGE(E75:E90)/3*50+MIN(MIN(AVERAGE(F75:F90),20),20)/20*50)/10,0))&" "&TEXT((AVERAGE(E75:E90)/3*50+MIN(MIN(AVERAGE(F75:F90),20),20)/20*50)/100,"0%"),"░░░░░░░░░░ 0%")
B93: ENGENHARIA DE SOFTWARE | 13% do edital | ~10 questoes (P2 - Peso 2)
B94: ASSUNTO / TOPICO DO EDITAL | C94: ARMADILHA DA BANCA FCC | D94: FCC COBRA | E94: DOMINIO (0-3) | F94: QUESTOES FEITAS | G94: ULTIMA REVISAO | H94: PROGRESSO (automatico)
B95: Scrum - papeis, eventos e artefatos | C95: PO: dono do produto. SM: facilita. Dev Team: executa. Eventos: Sprint, Planning, Daily, Review, Retro. | D95: ALTA | E95: 0 | F95: 0 | G95: — | H95: =IFERROR(REPT("█",ROUND((E95/3*50+MIN(F95,20)/20*50)/10,0))&REPT("░",10-ROUND((E95/3*50+MIN(F95,20)/20*50)/10,0))&" "&TEXT((E95/3*50+MIN(F95,20)/20*50)/100,"0%"),"░░░░░░░░░░ 0%")
B96: Scrum - Sprint Review vs Sprint Retrospectiva | C96: Review: apresenta o produto (stakeholders presentes). Retro: melhora o processo (so o time). FCC TROCA. | D96: ALTA | E96: 0 | F96: 0 | G96: — | H96: =IFERROR(REPT("█",ROUND((E96/3*50+MIN(F96,20)/20*50)/10,0))&REPT("░",10-ROUND((E96/3*50+MIN(F96,20)/20*50)/10,0))&" "&TEXT((E96/3*50+MIN(F96,20)/20*50)/100,"0%"),"░░░░░░░░░░ 0%")
B97: Scrum - artefatos: Product Backlog, Sprint Backlog, Incremento | C97: PB: lista priorizada de tudo. SB: o que o time vai fazer na Sprint. Incremento: resultado potencialmente entregavel. | D97: ALTA | E97: 0 | F97: 0 | G97: — | H97: =IFERROR(REPT("█",ROUND((E97/3*50+MIN(F97,20)/20*50)/10,0))&REPT("░",10-ROUND((E97/3*50+MIN(F97,20)/20*50)/10,0))&" "&TEXT((E97/3*50+MIN(F97,20)/20*50)/100,"0%"),"░░░░░░░░░░ 0%")
B98: Kanban - principios e metricas | C98: WIP limits, fluxo continuo, visualizacao. Lead time, cycle time, throughput. FCC cobra diferencas para Scrum. | D98: ALTA | E98: 0 | F98: 0 | G98: — | H98: =IFERROR(REPT("█",ROUND((E98/3*50+MIN(F98,20)/20*50)/10,0))&REPT("░",10-ROUND((E98/3*50+MIN(F98,20)/20*50)/10,0))&" "&TEXT((E98/3*50+MIN(F98,20)/20*50)/100,"0%"),"░░░░░░░░░░ 0%")
B99: PMBOK 7a edicao - dominios de desempenho | C99: 12 principios e 8 dominios de desempenho (substitui grupos de processos da 6a ed). FCC ja cobra a 7a. | D99: ALTA | E99: 0 | F99: 0 | G99: — | H99: =IFERROR(REPT("█",ROUND((E99/3*50+MIN(F99,20)/20*50)/10,0))&REPT("░",10-ROUND((E99/3*50+MIN(F99,20)/20*50)/10,0))&" "&TEXT((E99/3*50+MIN(F99,20)/20*50)/100,"0%"),"░░░░░░░░░░ 0%")
B100: PMBOK - areas de conhecimento (6a ed) - ainda cobradas | C100: Escopo, cronograma, custos, qualidade, recursos, comunicacoes, riscos, aquisicoes, partes interessadas. | D100: ALTA | E100: 0 | F100: 0 | G100: — | H100: =IFERROR(REPT("█",ROUND((E100/3*50+MIN(F100,20)/20*50)/10,0))&REPT("░",10-ROUND((E100/3*50+MIN(F100,20)/20*50)/10,0))&" "&TEXT((E100/3*50+MIN(F100,20)/20*50)/100,"0%"),"░░░░░░░░░░ 0%")
B101: UML - diagramas estruturais | C101: Classes: atributos e operacoes. Componentes: modulos. Implantacao: infraestrutura. FCC pede identificar. | D101: ALTA | E101: 0 | F101: 0 | G101: — | H101: =IFERROR(REPT("█",ROUND((E101/3*50+MIN(F101,20)/20*50)/10,0))&REPT("░",10-ROUND((E101/3*50+MIN(F101,20)/20*50)/10,0))&" "&TEXT((E101/3*50+MIN(F101,20)/20*50)/100,"0%"),"░░░░░░░░░░ 0%")
B102: UML - diagramas comportamentais | C102: Casos de uso, Sequencia (ordem temporal), Atividades (fluxo), Estado (ciclo de vida do objeto). | D102: ALTA | E102: 0 | F102: 0 | G102: — | H102: =IFERROR(REPT("█",ROUND((E102/3*50+MIN(F102,20)/20*50)/10,0))&REPT("░",10-ROUND((E102/3*50+MIN(F102,20)/20*50)/10,0))&" "&TEXT((E102/3*50+MIN(F102,20)/20*50)/100,"0%"),"░░░░░░░░░░ 0%")
B103: Testes de software - tipos e niveis | C103: Unitario, integracao, sistema, aceitacao (UAT). Regressao, fumaca, carga, estresse, usabilidade. | D103: ALTA | E103: 0 | F103: 0 | G103: — | H103: =IFERROR(REPT("█",ROUND((E103/3*50+MIN(F103,20)/20*50)/10,0))&REPT("░",10-ROUND((E103/3*50+MIN(F103,20)/20*50)/10,0))&" "&TEXT((E103/3*50+MIN(F103,20)/20*50)/100,"0%"),"░░░░░░░░░░ 0%")
B104: TDD - Test Driven Development | C104: Escreve o teste ANTES do codigo. Ciclo: red (falha), green (passa), refactor. FCC cobra o ciclo. | D104: MEDIA | E104: 0 | F104: 0 | G104: — | H104: =IFERROR(REPT("█",ROUND((E104/3*50+MIN(F104,20)/20*50)/10,0))&REPT("░",10-ROUND((E104/3*50+MIN(F104,20)/20*50)/10,0))&" "&TEXT((E104/3*50+MIN(F104,20)/20*50)/100,"0%"),"░░░░░░░░░░ 0%")
B105: DevOps e CI/CD pipeline | C105: CI: integracao continua (build + teste automatico). CD: entrega/deploy continuo. FCC cobra conceitos. | D105: MEDIA | E105: 0 | F105: 0 | G105: — | H105: =IFERROR(REPT("█",ROUND((E105/3*50+MIN(F105,20)/20*50)/10,0))&REPT("░",10-ROUND((E105/3*50+MIN(F105,20)/20*50)/10,0))&" "&TEXT((E105/3*50+MIN(F105,20)/20*50)/100,"0%"),"░░░░░░░░░░ 0%")
B106: Qualidade de software - CMMI | C106: CMMI 2.0: niveis 1 (inicial) a 5 (otimizacao). FCC cobra o que cada nivel representa. | D106: MEDIA | E106: 0 | F106: 0 | G106: — | H106: =IFERROR(REPT("█",ROUND((E106/3*50+MIN(F106,20)/20*50)/10,0))&REPT("░",10-ROUND((E106/3*50+MIN(F106,20)/20*50)/10,0))&" "&TEXT((E106/3*50+MIN(F106,20)/20*50)/100,"0%"),"░░░░░░░░░░ 0%")
... B111: Git - controle de versao | C111: Branch, merge, rebase, pull request, commit. Versionamento semantico: MAJOR.MINOR.PATCH. | D111: BAIXA | E111: 0 | F111: 0 | G111: — | H111: =IFERROR(REPT("█",ROUND((E111/3*50+MIN(F111,20)/20*50)/10,0))&REPT("░",10-ROUND((E111/3*50+MIN(F111,20)/20*50)/10,0))&" "&TEXT((E111/3*50+MIN(F111,20)/20*50)/100,"0%"),"░░░░░░░░░░ 0%")
B112: MEDIA — Engenharia de Software | D112: =IFERROR(TEXT(COUNTIF(D95:D111,"ALTA")/17,"0%")&" ALTA","—") | E112: =IFERROR(ROUND(AVERAGE(E95:E111),1)&" / 3","—") | F112: =IFERROR(SUM(F95:F111)&" q","0") | G112: =IFERROR(TEXT(COUNTIFS(E95:E111,3,F95:F111,">="&20)/17,"0%")&" dom.","0%") | H112: =IFERROR(REPT("█",ROUND((AVERAGE(E95:E111)/3*50+MIN(MIN(AVERAGE(F95:F111),20),20)/20*50)/10,0))&REPT("░",10-ROUND((AVERAGE(E95:E111)/3*50+MIN(MIN(AVERAGE(F95:F111),20),20)/20*50)/10,0))&" "&TEXT((AVERAGE(E95:E111)/3*50+MIN(MIN(AVERAGE(F95:F111),20),20)/20*50)/100,"0%"),"░░░░░░░░░░ 0%")
B114: GOVERNANCA DE TI | 11% do edital | ~9 questoes (P2 - Peso 2)
B115: ASSUNTO / TOPICO DO EDITAL | C115: ARMADILHA DA BANCA FCC | D115: FCC COBRA | E115: DOMINIO (0-3) | F115: QUESTOES FEITAS | G115: ULTIMA REVISAO | H115: PROGRESSO (automatico)
B116: ITIL 4 - 4 dimensoes do gerenciamento de servicos | C116: Organizacoes e Pessoas, Informacao e Tecnologia, Parceiros e Fornecedores, Fluxos de Valor e Processos. | D116: ALTA | E116: 0 | F116: 0 | G116: — | H116: =IFERROR(REPT("█",ROUND((E116/3*50+MIN(F116,20)/20*50)/10,0))&REPT("░",10-ROUND((E116/3*50+MIN(F116,20)/20*50)/10,0))&" "&TEXT((E116/3*50+MIN(F116,20)/20*50)/100,"0%"),"░░░░░░░░░░ 0%")
B117: ITIL 4 - 7 principios orientadores | C117: Foco no valor, comece onde voce esta, progrida iterativamente, colabore, pense holisticamente, simplifique, otimize. | D117: ALTA | E117: 0 | F117: 0 | G117: — | H117: =IFERROR(REPT("█",ROUND((E117/3*50+MIN(F117,20)/20*50)/10,0))&REPT("░",10-ROUND((E117/3*50+MIN(F117,20)/20*50)/10,0))&" "&TEXT((E117/3*50+MIN(F117,20)/20*50)/100,"0%"),"░░░░░░░░░░ 0%")
B118: ITIL 4 - cadeia de valor de servico (SVC) | C118: 6 atividades: Planejar, Melhorar, Envolver, Projetar e Transicionar, Obter/Construir, Entregar e Suportar. | D118: ALTA | E118: 0 | F118: 0 | G118: — | H118: =IFERROR(REPT("█",ROUND((E118/3*50+MIN(F118,20)/20*50)/10,0))&REPT("░",10-ROUND((E118/3*50+MIN(F118,20)/20*50)/10,0))&" "&TEXT((E118/3*50+MIN(F118,20)/20*50)/100,"0%"),"░░░░░░░░░░ 0%")
B119: ITIL 4 - praticas principais (34 no total) | C119: Gerenciamento de Incidentes, Problemas, Mudancas, Configuracao, Service Desk, SLM. FCC cobra as principais. | D119: ALTA | E119: 0 | F119: 0 | G119: — | H119: =IFERROR(REPT("█",ROUND((E119/3*50+MIN(F119,20)/20*50)/10,0))&REPT("░",10-ROUND((E119/3*50+MIN(F119,20)/20*50)/10,0))&" "&TEXT((E119/3*50+MIN(F119,20)/20*50)/100,"0%"),"░░░░░░░░░░ 0%")
B120: ITIL 4 - Incidente vs Problema vs Evento | C120: Incidente: interrupcao nao planejada. Problema: CAUSA RAIZ do incidente. Evento: mudanca detectavel no estado. | D120: ALTA | E120: 0 | F120: 0 | G120: — | H120: =IFERROR(REPT("█",ROUND((E120/3*50+MIN(F120,20)/20*50)/10,0))&REPT("░",10-ROUND((E120/3*50+MIN(F120,20)/20*50)/10,0))&" "&TEXT((E120/3*50+MIN(F120,20)/20*50)/100,"0%"),"░░░░░░░░░░ 0%")
B121: ITIL 4 - SLA, SLO e OLA | C121: SLA: acordo com o cliente. OLA: acordo interno. SLO: objetivo de nivel de servico (componente do SLA). | D121: ALTA | E121: 0 | F121: 0 | G121: — | H121: =IFERROR(REPT("█",ROUND((E121/3*50+MIN(F121,20)/20*50)/10,0))&REPT("░",10-ROUND((E121/3*50+MIN(F121,20)/20*50)/10,0))&" "&TEXT((E121/3*50+MIN(F121,20)/20*50)/100,"0%"),"░░░░░░░░░░ 0%")
B122: COBIT 2019 - proposito e escopo | C122: Governanca (o QUE e o POR QUE) vs ITIL (o COMO operacional). Sao complementares, nao concorrentes. | D122: ALTA | E122: 0 | F122: 0 | G122: — | H122: =IFERROR(REPT("█",ROUND((E122/3*50+MIN(F122,20)/20*50)/10,0))&REPT("░",10-ROUND((E122/3*50+MIN(F122,20)/20*50)/10,0))&" "&TEXT((E122/3*50+MIN(F122,20)/20*50)/100,"0%"),"░░░░░░░░░░ 0%")
B123: COBIT 2019 - componentes do sistema de governanca | C123: Processos, estruturas organizacionais, principios/politicas/frameworks, informacao, cultura, pessoas, servicos. | D123: ALTA | E123: 0 | F123: 0 | G123: — | H123: =IFERROR(REPT("█",ROUND((E123/3*50+MIN(F123,20)/20*50)/10,0))&REPT("░",10-ROUND((E123/3*50+MIN(F123,20)/20*50)/10,0))&" "&TEXT((E123/3*50+MIN(F123,20)/20*50)/100,"0%"),"░░░░░░░░░░ 0%")
B124: COBIT 2019 - 40 objetivos de governanca e gestao | C124: 5 dominios: Avaliar-Dirigir-Monitorar (EDM), Alinhar-Planejar-Organizar (APO), Construir (BAI), Entregar (DSS), Monitorar (MEA). | D124: ALTA | E124: 0 | F124: 0 | G124: — | H124: =IFERROR(REPT("█",ROUND((E124/3*50+MIN(F124,20)/20*50)/10,0))&REPT("░",10-ROUND((E124/3*50+MIN(F124,20)/20*50)/10,0))&" "&TEXT((E124/3*50+MIN(F124,20)/20*50)/100,"0%"),"░░░░░░░░░░ 0%")
B125: COBIT 2019 vs COBIT 5 - principais mudancas | C125: COBIT 2019: fatores de design, objetivos atualizados, foco em desempenho. Versao anterior tinha 37 processos. | D125: MEDIA | E125: 0 | F125: 0 | G125: — | H125: =IFERROR(REPT("█",ROUND((E125/3*50+MIN(F125,20)/20*50)/10,0))&REPT("░",10-ROUND((E125/3*50+MIN(F125,20)/20*50)/10,0))&" "&TEXT((E125/3*50+MIN(F125,20)/20*50)/100,"0%"),"░░░░░░░░░░ 0%")
B126: Planejamento de TI - PDTI e PETIC | C126: PDTI: Plano Diretor de TI. PETIC: Planejamento Estrategico de TI. Alinhamento com objetivos de negocio. | D126: MEDIA | E126: 0 | F126: 0 | G126: — | H126: =IFERROR(REPT("█",ROUND((E126/3*50+MIN(F126,20)/20*50)/10,0))&REPT("░",10-ROUND((E126/3*50+MIN(F126,20)/20*50)/10,0))&" "&TEXT((E126/3*50+MIN(F126,20)/20*50)/100,"0%"),"░░░░░░░░░░ 0%")
B127: Gestao de riscos de TI - ISO 31000 | C127: Contexto, identificacao, analise, avaliacao, tratamento, monitoramento. Apetite e tolerancia ao risco. | D127: MEDIA | E127: 0 | F127: 0 | G127: — | H127: =IFERROR(REPT("█",ROUND((E127/3*50+MIN(F127,20)/20*50)/10,0))&REPT("░",10-ROUND((E127/3*50+MIN(F127,20)/20*50)/10,0))&" "&TEXT((E127/3*50+MIN(F127,20)/20*50)/100,"0%"),"░░░░░░░░░░ 0%")
... B129: Indicadores de TI - KPIs e BSC | C129: KPIs: indicadores-chave de desempenho. BSC em TI: perspectivas financeira, cliente, processos, aprendizado. | D129: BAIXA | E129: 0 | F129: 0 | G129: — | H129: =IFERROR(REPT("█",ROUND((E129/3*50+MIN(F129,20)/20*50)/10,0))&REPT("░",10-ROUND((E129/3*50+MIN(F129,20)/20*50)/10,0))&" "&TEXT((E129/3*50+MIN(F129,20)/20*50)/100,"0%"),"░░░░░░░░░░ 0%")
B130: MEDIA — Governanca de TI | D130: =IFERROR(TEXT(COUNTIF(D116:D129,"ALTA")/14,"0%")&" ALTA","—") | E130: =IFERROR(ROUND(AVERAGE(E116:E129),1)&" / 3","—") | F130: =IFERROR(SUM(F116:F129)&" q","0") | G130: =IFERROR(TEXT(COUNTIFS(E116:E129,3,F116:F129,">="&20)/14,"0%")&" dom.","0%") | H130: =IFERROR(REPT("█",ROUND((AVERAGE(E116:E129)/3*50+MIN(MIN(AVERAGE(F116:F129),20),20)/20*50)/10,0))&REPT("░",10-ROUND((AVERAGE(E116:E129)/3*50+MIN(MIN(AVERAGE(F116:F129),20),20)/20*50)/10,0))&" "&TEXT((AVERAGE(E116:E129)/3*50+MIN(MIN(AVERAGE(F116:F129),20),20)/20*50)/100,"0%"),"░░░░░░░░░░ 0%")
...

Sheet Dashboard Geral
B2: DASHBOARD GERAL — PROGRESSO DE ESTUDOS | SEFAZ-CE B02 TI | Rota SEFAZ CE
B3: FCC 2026 | Provas 01-02/08/2026 | Atualizado automaticamente a cada preenchimento nas abas P1 e P2
B5: COMO LER O DASHBOARD | Progresso = (Dominio/3 x 50%) + (Questoes/20 x 50%) | P2 tem peso 2 na prova — afeta o calculo do progresso geral
B6: P1 - CONHECIMENTOS GERAIS Dia 01/08 (tarde) | Peso 1 LP + RL + DC + DA + Etica ~70 assuntos no total Preencha na aba P1 | E6: P2 - CONHECIMENTOS TI Dia 02/08 (manha) | PESO 2 (vale o dobro!) SI + BD + Redes + Arq + ES + Gov + SO + Leg ~110 assuntos no total Preencha na aba P2
B8: PROGRESSO GERAL (P2 pesa 2x) | D8: PROGRESSO P1 (Gerais) | F8: PROGRESSO P2 (TI - peso 2) | H8: ASSUNTOS 100%
B9: =IFERROR(TEXT((AVERAGE((AVERAGE('P1 - Conhecimentos Gerais'!E10:E26)/3*50+MIN(AVERAGE('P1 - Conhecimentos Gerais'!F10:F26),20)/20*50)/100,(AVERAGE('P1 - Conhecimentos Gerais'!E31:E44)/3*50+MIN(AVERAGE('P1 - Conhecimentos Gerais'!F31:F44),20)/20*50)/100,(AVERAGE('P1 - Conhecimentos Gerais'!E49:E66)/3*50+MIN(AVERAGE('P1 - Conhecimentos Gerais'!F49:F66),20)/20*50)/100,(AVERAGE('P1 - Conhecimentos Gerais'!E71:E88)/3*50+MIN(AVERAGE('P1 - Conhecimentos Gerais'!F71:F88),20)/20*50)/100,(AVERAGE('P1 - Conhecimentos Gerais'!E93:E105)/3*50+MIN(AVERAGE('P1 - Conhecimentos Gerais'!F93:F105),20)/20*50)/100)*1+AVERAGE((AVERAGE('P2 - Conhecimentos TI'!E10:E27)/3*50+MIN(AVERAGE('P2 - Conhecimentos TI'!F10:F27),20)/20*50)/100,(AVERAGE('P2 - Conhecimentos TI'!E32:E48)/3*50+MIN(AVERAGE('P2 - Conhecimentos TI'!F32:F48),20)/20*50)/100,(AVERAGE('P2 - Conhecimentos TI'!E53:E70)/3*50+MIN(AVERAGE('P2 - Conhecimentos TI'!F53:F70),20)/20*50)/100,(AVERAGE('P2 - Conhecimentos TI'!E75:E90)/3*50+MIN(AVERAGE('P2 - Conhecimentos TI'!F75:F90),20)/20*50)/100,(AVERAGE('P2 - Conhecimentos TI'!E95:E111)/3*50+MIN(AVERAGE('P2 - Conhecimentos TI'!F95:F111),20)/20*50)/100,(AVERAGE('P2 - Conhecimentos TI'!E116:E129)/3*50+MIN(AVERAGE('P2 - Conhecimentos TI'!F116:F129),20)/20*50)/100,(AVERAGE('P2 - Conhecimentos TI'!E134:E147)/3*50+MIN(AVERAGE('P2 - Conhecimentos TI'!F134:F147),20)/20*50)/100,(AVERAGE('P2 - Conhecimentos TI'!E152:E164)/3*50+MIN(AVERAGE('P2 - Conhecimentos TI'!F152:F164),20)/20*50)/100)*2)/3,"0%"),"0%") | D9: =IFERROR(TEXT(AVERAGE((AVERAGE('P1 - Conhecimentos Gerais'!E10:E26)/3*50+MIN(AVERAGE('P1 - Conhecimentos Gerais'!F10:F26),20)/20*50)/100,(AVERAGE('P1 - Conhecimentos Gerais'!E31:E44)/3*50+MIN(AVERAGE('P1 - Conhecimentos Gerais'!F31:F44),20)/20*50)/100,(AVERAGE('P1 - Conhecimentos Gerais'!E49:E66)/3*50+MIN(AVERAGE('P1 - Conhecimentos Gerais'!F49:F66),20)/20*50)/100,(AVERAGE('P1 - Conhecimentos Gerais'!E71:E88)/3*50+MIN(AVERAGE('P1 - Conhecimentos Gerais'!F71:F88),20)/20*50)/100,(AVERAGE('P1 - Conhecimentos Gerais'!E93:E105)/3*50+MIN(AVERAGE('P1 - Conhecimentos Gerais'!F93:F105),20)/20*50)/100),"0%"),"0%") | F9: =IFERROR(TEXT(AVERAGE((AVERAGE('P2 - Conhecimentos TI'!E10:E27)/3*50+MIN(AVERAGE('P2 - Conhecimentos TI'!F10:F27),20)/20*50)/100,(AVERAGE('P2 - Conhecimentos TI'!E32:E48)/3*50+MIN(AVERAGE('P2 - Conhecimentos TI'!F32:F48),20)/20*50)/100,(AVERAGE('P2 - Conhecimentos TI'!E53:E70)/3*50+MIN(AVERAGE('P2 - Conhecimentos TI'!F53:F70),20)/20*50)/100,(AVERAGE('P2 - Conhecimentos TI'!E75:E90)/3*50+MIN(AVERAGE('P2 - Conhecimentos TI'!F75:F90),20)/20*50)/100,(AVERAGE('P2 - Conhecimentos TI'!E95:E111)/3*50+MIN(AVERAGE('P2 - Conhecimentos TI'!F95:F111),20)/20*50)/100,(AVERAGE('P2 - Conhecimentos TI'!E116:E129)/3*50+MIN(AVERAGE('P2 - Conhecimentos TI'!F116:F129),20)/20*50)/100,(AVERAGE('P2 - Conhecimentos TI'!E134:E147)/3*50+MIN(AVERAGE('P2 - Conhecimentos TI'!F134:F147),20)/20*50)/100,(AVERAGE('P2 - Conhecimentos TI'!E152:E164)/3*50+MIN(AVERAGE('P2 - Conhecimentos TI'!F152:F164),20)/20*50)/100),"0%"),"0%") | H9: =IFERROR(COUNTIFS('P1 - Conhecimentos Gerais'!E10:E26,3,'P1 - Conhecimentos Gerais'!F10:F26,">="&20)+COUNTIFS('P1 - Conhecimentos Gerais'!E31:E44,3,'P1 - Conhecimentos Gerais'!F31:F44,">="&20)+COUNTIFS('P1 - Conhecimentos Gerais'!E49:E66,3,'P1 - Conhecimentos Gerais'!F49:F66,">="&20)+COUNTIFS('P1 - Conhecimentos Gerais'!E71:E88,3,'P1 - Conhecimentos Gerais'!F71:F88,">="&20)+COUNTIFS('P1 - Conhecimentos Gerais'!E93:E105,3,'P1 - Conhecimentos Gerais'!F93:F105,">="&20)+COUNTIFS('P2 - Conhecimentos TI'!E10:E27,3,'P2 - Conhecimentos TI'!F10:F27,">="&20)+COUNTIFS('P2 - Conhecimentos TI'!E32:E48,3,'P2 - Conhecimentos TI'!F32:F48,">="&20)+COUNTIFS('P2 - Conhecimentos TI'!E53:E70,3,'P2 - Conhecimentos TI'!F53:F70,">="&20)+COUNTIFS('P2 - Conhecimentos TI'!E75:E90,3,'P2 - Conhecimentos TI'!F75:F90,">="&20)+COUNTIFS('P2 - Conhecimentos TI'!E95:E111,3,'P2 - Conhecimentos TI'!F95:F111,">="&20)+COUNTIFS('P2 - Conhecimentos TI'!E116:E129,3,'P2 - Conhecimentos TI'!F116:F129,">="&20)+COUNTIFS('P2 - Conhecimentos TI'!E134:E147,3,'P2 - Conhecimentos TI'!F134:F147,">="&20)+COUNTIFS('P2 - Conhecimentos TI'!E152:E164,3,'P2 - Conhecimentos TI'!F152:F164,">="&20),0)
B10: P2 tem peso 2 na prova real | D10: Dia 01/08 | 80 questoes | Peso 1 | F10: Dia 02/08 | 80 questoes | Peso 2 | H10: de 207 assuntos
B12: P1 — PROGRESSO POR DISCIPLINA (Conhecimentos Gerais)
B13: DISCIPLINA | C13: PESO | D13: BARRA DE PROGRESSO | E13: PROG% | F13: DOM.MEDIO | G13: QUESTOES | H13: STATUS
B14: Lingua Portuguesa | C14: P1 13% | D14: =IFERROR(REPT("█",ROUND((AVERAGE('P1 - Conhecimentos Gerais'!E10:E26)/3*50+MIN(MIN(AVERAGE('P1 - Conhecimentos Gerais'!F10:F26),20),20)/20*50)/10,0))&REPT("░",10-ROUND((AVERAGE('P1 - Conhecimentos Gerais'!E10:E26)/3*50+MIN(MIN(AVERAGE('P1 - Conhecimentos Gerais'!F10:F26),20),20)/20*50)/10,0))&" "&TEXT((AVERAGE('P1 - Conhecimentos Gerais'!E10:E26)/3*50+MIN(MIN(AVERAGE('P1 - Conhecimentos Gerais'!F10:F26),20),20)/20*50)/100,"0%"),"░░░░░░░░░░ 0%") | E14: =IFERROR(TEXT((AVERAGE('P1 - Conhecimentos Gerais'!E10:E26)/3*50+MIN(AVERAGE('P1 - Conhecimentos Gerais'!F10:F26),20)/20*50)/100,"0%"),"0%") | F14: =IFERROR(ROUND(AVERAGE('P1 - Conhecimentos Gerais'!E10:E26),1)&" / 3","—") | G14: =IFERROR(SUM('P1 - Conhecimentos Gerais'!F10:F26)&" / 340","—") | H14: =IFERROR(IF((AVERAGE('P1 - Conhecimentos Gerais'!E10:E26)/3*50+MIN(MIN(AVERAGE('P1 - Conhecimentos Gerais'!F10:F26),20),20)/20*50)/100>=0.9,"Dominou",IF((AVERAGE('P1 - Conhecimentos Gerais'!E10:E26)/3*50+MIN(MIN(AVERAGE('P1 - Conhecimentos Gerais'!F10:F26),20),20)/20*50)/100>=0.5,"Em andamento",IF((AVERAGE('P1 - Conhecimentos Gerais'!E10:E26)/3*50+MIN(MIN(AVERAGE('P1 - Conhecimentos Gerais'!F10:F26),20),20)/20*50)/100>0,"Iniciando","Nao iniciado"))),"Nao iniciado")
B15: Raciocinio Logico | C15: P1 10% | D15: =IFERROR(REPT("█",ROUND((AVERAGE('P1 - Conhecimentos Gerais'!E31:E44)/3*50+MIN(MIN(AVERAGE('P1 - Conhecimentos Gerais'!F31:F44),20),20)/20*50)/10,0))&REPT("░",10-ROUND((AVERAGE('P1 - Conhecimentos Gerais'!E31:E44)/3*50+MIN(MIN(AVERAGE('P1 - Conhecimentos Gerais'!F31:F44),20),20)/20*50)/10,0))&" "&TEXT((AVERAGE('P1 - Conhecimentos Gerais'!E31:E44)/3*50+MIN(MIN(AVERAGE('P1 - Conhecimentos Gerais'!F31:F44),20),20)/20*50)/100,"0%"),"░░░░░░░░░░ 0%") | E15: =IFERROR(TEXT((AVERAGE('P1 - Conhecimentos Gerais'!E31:E44)/3*50+MIN(AVERAGE('P1 - Conhecimentos Gerais'!F31:F44),20)/20*50)/100,"0%"),"0%") | F15: =IFERROR(ROUND(AVERAGE('P1 - Conhecimentos Gerais'!E31:E44),1)&" / 3","—") | G15: =IFERROR(SUM('P1 - Conhecimentos Gerais'!F31:F44)&" / 280","—") | H15: =IFERROR(IF((AVERAGE('P1 - Conhecimentos Gerais'!E31:E44)/3*50+MIN(MIN(AVERAGE('P1 - Conhecimentos Gerais'!F31:F44),20),20)/20*50)/100>=0.9,"Dominou",IF((AVERAGE('P1 - Conhecimentos Gerais'!E31:E44)/3*50+MIN(MIN(AVERAGE('P1 - Conhecimentos Gerais'!F31:F44),20),20)/20*50)/100>=0.5,"Em andamento",IF((AVERAGE('P1 - Conhecimentos Gerais'!E31:E44)/3*50+MIN(MIN(AVERAGE('P1 - Conhecimentos Gerais'!F31:F44),20),20)/20*50)/100>0,"Iniciando","Nao iniciado"))),"Nao iniciado")
B16: Dir. Constitucional | C16: P1 11% | D16: =IFERROR(REPT("█",ROUND((AVERAGE('P1 - Conhecimentos Gerais'!E49:E66)/3*50+MIN(MIN(AVERAGE('P1 - Conhecimentos Gerais'!F49:F66),20),20)/20*50)/10,0))&REPT("░",10-ROUND((AVERAGE('P1 - Conhecimentos Gerais'!E49:E66)/3*50+MIN(MIN(AVERAGE('P1 - Conhecimentos Gerais'!F49:F66),20),20)/20*50)/10,0))&" "&TEXT((AVERAGE('P1 - Conhecimentos Gerais'!E49:E66)/3*50+MIN(MIN(AVERAGE('P1 - Conhecimentos Gerais'!F49:F66),20),20)/20*50)/100,"0%"),"░░░░░░░░░░ 0%") | E16: =IFERROR(TEXT((AVERAGE('P1 - Conhecimentos Gerais'!E49:E66)/3*50+MIN(AVERAGE('P1 - Conhecimentos Gerais'!F49:F66),20)/20*50)/100,"0%"),"0%") | F16: =IFERROR(ROUND(AVERAGE('P1 - Conhecimentos Gerais'!E49:E66),1)&" / 3","—") | G16: =IFERROR(SUM('P1 - Conhecimentos Gerais'!F49:F66)&" / 360","—") | H16: =IFERROR(IF((AVERAGE('P1 - Conhecimentos Gerais'!E49:E66)/3*50+MIN(MIN(AVERAGE('P1 - Conhecimentos Gerais'!F49:F66),20),20)/20*50)/100>=0.9,"Dominou",IF((AVERAGE('P1 - Conhecimentos Gerais'!E49:E66)/3*50+MIN(MIN(AVERAGE('P1 - Conhecimentos Gerais'!F49:F66),20),20)/20*50)/100>=0.5,"Em andamento",IF((AVERAGE('P1 - Conhecimentos Gerais'!E49:E66)/3*50+MIN(MIN(AVERAGE('P1 - Conhecimentos Gerais'!F49:F66),20),20)/20*50)/100>0,"Iniciando","Nao iniciado"))),"Nao iniciado")
B17: Dir. Administrativo | C17: P1 11% | D17: =IFERROR(REPT("█",ROUND((AVERAGE('P1 - Conhecimentos Gerais'!E71:E88)/3*50+MIN(MIN(AVERAGE('P1 - Conhecimentos Gerais'!F71:F88),20),20)/20*50)/10,0))&REPT("░",10-ROUND((AVERAGE('P1 - Conhecimentos Gerais'!E71:E88)/3*50+MIN(MIN(AVERAGE('P1 - Conhecimentos Gerais'!F71:F88),20),20)/20*50)/10,0))&" "&TEXT((AVERAGE('P1 - Conhecimentos Gerais'!E71:E88)/3*50+MIN(MIN(AVERAGE('P1 - Conhecimentos Gerais'!F71:F88),20),20)/20*50)/100,"0%"),"░░░░░░░░░░ 0%") | E17: =IFERROR(TEXT((AVERAGE('P1 - Conhecimentos Gerais'!E71:E88)/3*50+MIN(AVERAGE('P1 - Conhecimentos Gerais'!F71:F88),20)/20*50)/100,"0%"),"0%") | F17: =IFERROR(ROUND(AVERAGE('P1 - Conhecimentos Gerais'!E71:E88),1)&" / 3","—") | G17: =IFERROR(SUM('P1 - Conhecimentos Gerais'!F71:F88)&" / 360","—") | H17: =IFERROR(IF((AVERAGE('P1 - Conhecimentos Gerais'!E71:E88)/3*50+MIN(MIN(AVERAGE('P1 - Conhecimentos Gerais'!F71:F88),20),20)/20*50)/100>=0.9,"Dominou",IF((AVERAGE('P1 - Conhecimentos Gerais'!E71:E88)/3*50+MIN(MIN(AVERAGE('P1 - Conhecimentos Gerais'!F71:F88),20),20)/20*50)/100>=0.5,"Em andamento",IF((AVERAGE('P1 - Conhecimentos Gerais'!E71:E88)/3*50+MIN(MIN(AVERAGE('P1 - Conhecimentos Gerais'!F71:F88),20),20)/20*50)/100>0,"Iniciando","Nao iniciado"))),"Nao iniciado")
B18: Etica Serv. Publico | C18: P1 6% | D18: =IFERROR(REPT("█",ROUND((AVERAGE('P1 - Conhecimentos Gerais'!E93:E105)/3*50+MIN(MIN(AVERAGE('P1 - Conhecimentos Gerais'!F93:F105),20),20)/20*50)/10,0))&REPT("░",10-ROUND((AVERAGE('P1 - Conhecimentos Gerais'!E93:E105)/3*50+MIN(MIN(AVERAGE('P1 - Conhecimentos Gerais'!F93:F105),20),20)/20*50)/10,0))&" "&TEXT((AVERAGE('P1 - Conhecimentos Gerais'!E93:E105)/3*50+MIN(MIN(AVERAGE('P1 - Conhecimentos Gerais'!F93:F105),20),20)/20*50)/100,"0%"),"░░░░░░░░░░ 0%") | E18: =IFERROR(TEXT((AVERAGE('P1 - Conhecimentos Gerais'!E93:E105)/3*50+MIN(AVERAGE('P1 - Conhecimentos Gerais'!F93:F105),20)/20*50)/100,"0%"),"0%") | F18: =IFERROR(ROUND(AVERAGE('P1 - Conhecimentos Gerais'!E93:E105),1)&" / 3","—") | G18: =IFERROR(SUM('P1 - Conhecimentos Gerais'!F93:F105)&" / 260","—") | H18: =IFERROR(IF((AVERAGE('P1 - Conhecimentos Gerais'!E93:E105)/3*50+MIN(MIN(AVERAGE('P1 - Conhecimentos Gerais'!F93:F105),20),20)/20*50)/100>=0.9,"Dominou",IF((AVERAGE('P1 - Conhecimentos Gerais'!E93:E105)/3*50+MIN(MIN(AVERAGE('P1 - Conhecimentos Gerais'!F93:F105),20),20)/20*50)/100>=0.5,"Em andamento",IF((AVERAGE('P1 - Conhecimentos Gerais'!E93:E105)/3*50+MIN(MIN(AVERAGE('P1 - Conhecimentos Gerais'!F93:F105),20),20)/20*50)/100>0,"Iniciando","Nao iniciado"))),"Nao iniciado")
B19: MEDIA P1 (Peso 1) | D19: =IFERROR(REPT("█",ROUND(((AVERAGE(P1-Conhecimentos Gerais!E10:E26),AVERAGE(P1-Conhecimentos Gerais!E31:E44),AVERAGE(P1-Conhecimentos Gerais!E49:E66),AVERAGE(P1-Conhecimentos Gerais!E71:E88),AVERAGE(P1-Conhecimentos Gerais!E93:E105))/5/3*50+MIN((MIN(AVERAGE("P1-Conhecimentos Gerais"!F10:F105),20)),20)/20*50)/10,0))&REPT("░",10-ROUND(((AVERAGE(P1-Conhecimentos Gerais!E10:E26),AVERAGE(P1-Conhecimentos Gerais!E31:E44),AVERAGE(P1-Conhecimentos Gerais!E49:E66),AVERAGE(P1-Conhecimentos Gerais!E71:E88),AVERAGE(P1-Conhecimentos Gerais!E93:E105))/5/3*50+MIN((MIN(AVERAGE("P1-Conhecimentos Gerais"!F10:F105),20)),20)/20*50)/10,0))&" "&TEXT(((AVERAGE(P1-Conhecimentos Gerais!E10:E26),AVERAGE(P1-Conhecimentos Gerais!E31:E44),AVERAGE(P1-Conhecimentos Gerais!E49:E66),AVERAGE(P1-Conhecimentos Gerais!E71:E88),AVERAGE(P1-Conhecimentos Gerais!E93:E105))/5/3*50+MIN((MIN(AVERAGE("P1-Conhecimentos Gerais"!F10:F105),20)),20)/20*50)/100,"0%"),"░░░░░░░░░░ 0%") | E19: =IFERROR(TEXT(AVERAGE((AVERAGE('P1 - Conhecimentos Gerais'!E10:E26)/3*50+MIN(AVERAGE('P1 - Conhecimentos Gerais'!F10:F26),20)/20*50)/100,(AVERAGE('P1 - Conhecimentos Gerais'!E31:E44)/3*50+MIN(AVERAGE('P1 - Conhecimentos Gerais'!F31:F44),20)/20*50)/100,(AVERAGE('P1 - Conhecimentos Gerais'!E49:E66)/3*50+MIN(AVERAGE('P1 - Conhecimentos Gerais'!F49:F66),20)/20*50)/100,(AVERAGE('P1 - Conhecimentos Gerais'!E71:E88)/3*50+MIN(AVERAGE('P1 - Conhecimentos Gerais'!F71:F88),20)/20*50)/100,(AVERAGE('P1 - Conhecimentos Gerais'!E93:E105)/3*50+MIN(AVERAGE('P1 - Conhecimentos Gerais'!F93:F105),20)/20*50)/100),"0%"),"0%") | F19: =IFERROR(SUM('P1 - Conhecimentos Gerais'!F10:F26)+SUM('P1 - Conhecimentos Gerais'!F31:F44)+SUM('P1 - Conhecimentos Gerais'!F49:F66)+SUM('P1 - Conhecimentos Gerais'!F71:F88)+SUM('P1 - Conhecimentos Gerais'!F93:F105)&" questoes","—")
B21: P2 — PROGRESSO POR DISCIPLINA (Conhecimentos Especificos TI - PESO 2)
B22: DISCIPLINA | C22: PESO | D22: BARRA DE PROGRESSO | E22: PROG% | F22: DOM.MEDIO | G22: QUESTOES | H22: STATUS
B23: Seguranca da Informacao | C23: P2 x2 | D23: =IFERROR(REPT("█",ROUND((AVERAGE('P2 - Conhecimentos TI'!E10:E27)/3*50+MIN(MIN(AVERAGE('P2 - Conhecimentos TI'!F10:F27),20),20)/20*50)/10,0))&REPT("░",10-ROUND((AVERAGE('P2 - Conhecimentos TI'!E10:E27)/3*50+MIN(MIN(AVERAGE('P2 - Conhecimentos TI'!F10:F27),20),20)/20*50)/10,0))&" "&TEXT((AVERAGE('P2 - Conhecimentos TI'!E10:E27)/3*50+MIN(MIN(AVERAGE('P2 - Conhecimentos TI'!F10:F27),20),20)/20*50)/100,"0%"),"░░░░░░░░░░ 0%") | E23: =IFERROR(TEXT((AVERAGE('P2 - Conhecimentos TI'!E10:E27)/3*50+MIN(AVERAGE('P2 - Conhecimentos TI'!F10:F27),20)/20*50)/100,"0%"),"0%") | F23: =IFERROR(ROUND(AVERAGE('P2 - Conhecimentos TI'!E10:E27),1)&" / 3","—") | G23: =IFERROR(SUM('P2 - Conhecimentos TI'!F10:F27)&" / 360","—") | H23: =IFERROR(IF((AVERAGE('P2 - Conhecimentos TI'!E10:E27)/3*50+MIN(MIN(AVERAGE('P2 - Conhecimentos TI'!F10:F27),20),20)/20*50)/100>=0.9,"Dominou",IF((AVERAGE('P2 - Conhecimentos TI'!E10:E27)/3*50+MIN(MIN(AVERAGE('P2 - Conhecimentos TI'!F10:F27),20),20)/20*50)/100>=0.5,"Em andamento",IF((AVERAGE('P2 - Conhecimentos TI'!E10:E27)/3*50+MIN(MIN(AVERAGE('P2 - Conhecimentos TI'!F10:F27),20),20)/20*50)/100>0,"Iniciando","Nao iniciado"))),"Nao iniciado")
B24: Banco de Dados | C24: P2 x2 | D24: =IFERROR(REPT("█",ROUND((AVERAGE('P2 - Conhecimentos TI'!E32:E48)/3*50+MIN(MIN(AVERAGE('P2 - Conhecimentos TI'!F32:F48),20),20)/20*50)/10,0))&REPT("░",10-ROUND((AVERAGE('P2 - Conhecimentos TI'!E32:E48)/3*50+MIN(MIN(AVERAGE('P2 - Conhecimentos TI'!F32:F48),20),20)/20*50)/10,0))&" "&TEXT((AVERAGE('P2 - Conhecimentos TI'!E32:E48)/3*50+MIN(MIN(AVERAGE('P2 - Conhecimentos TI'!F32:F48),20),20)/20*50)/100,"0%"),"░░░░░░░░░░ 0%") | E24: =IFERROR(TEXT((AVERAGE('P2 - Conhecimentos TI'!E32:E48)/3*50+MIN(AVERAGE('P2 - Conhecimentos TI'!F32:F48),20)/20*50)/100,"0%"),"0%") | F24: =IFERROR(ROUND(AVERAGE('P2 - Conhecimentos TI'!E32:E48),1)&" / 3","—") | G24: =IFERROR(SUM('P2 - Conhecimentos TI'!F32:F48)&" / 340","—") | H24: =IFERROR(IF((AVERAGE('P2 - Conhecimentos TI'!E32:E48)/3*50+MIN(MIN(AVERAGE('P2 - Conhecimentos TI'!F32:F48),20),20)/20*50)/100>=0.9,"Dominou",IF((AVERAGE('P2 - Conhecimentos TI'!E32:E48)/3*50+MIN(MIN(AVERAGE('P2 - Conhecimentos TI'!F32:F48),20),20)/20*50)/100>=0.5,"Em andamento",IF((AVERAGE('P2 - Conhecimentos TI'!E32:E48)/3*50+MIN(MIN(AVERAGE('P2 - Conhecimentos TI'!F32:F48),20),20)/20*50)/100>0,"Iniciando","Nao iniciado"))),"Nao iniciado")
B25: Redes de Computadores | C25: P2 x2 | D25: =IFERROR(REPT("█",ROUND((AVERAGE('P2 - Conhecimentos TI'!E53:E70)/3*50+MIN(MIN(AVERAGE('P2 - Conhecimentos TI'!F53:F70),20),20)/20*50)/10,0))&REPT("░",10-ROUND((AVERAGE('P2 - Conhecimentos TI'!E53:E70)/3*50+MIN(MIN(AVERAGE('P2 - Conhecimentos TI'!F53:F70),20),20)/20*50)/10,0))&" "&TEXT((AVERAGE('P2 - Conhecimentos TI'!E53:E70)/3*50+MIN(MIN(AVERAGE('P2 - Conhecimentos TI'!F53:F70),20),20)/20*50)/100,"0%"),"░░░░░░░░░░ 0%") | E25: =IFERROR(TEXT((AVERAGE('P2 - Conhecimentos TI'!E53:E70)/3*50+MIN(AVERAGE('P2 - Conhecimentos TI'!F53:F70),20)/20*50)/100,"0%"),"0%") | F25: =IFERROR(ROUND(AVERAGE('P2 - Conhecimentos TI'!E53:E70),1)&" / 3","—") | G25: =IFERROR(SUM('P2 - Conhecimentos TI'!F53:F70)&" / 360","—") | H25: =IFERROR(IF((AVERAGE('P2 - Conhecimentos TI'!E53:E70)/3*50+MIN(MIN(AVERAGE('P2 - Conhecimentos TI'!F53:F70),20),20)/20*50)/100>=0.9,"Dominou",IF((AVERAGE('P2 - Conhecimentos TI'!E53:E70)/3*50+MIN(MIN(AVERAGE('P2 - Conhecimentos TI'!F53:F70),20),20)/20*50)/100>=0.5,"Em andamento",IF((AVERAGE('P2 - Conhecimentos TI'!E53:E70)/3*50+MIN(MIN(AVERAGE('P2 - Conhecimentos TI'!F53:F70),20),20)/20*50)/100>0,"Iniciando","Nao iniciado"))),"Nao iniciado")
B26: Arq. de Sistemas | C26: P2 x2 | D26: =IFERROR(REPT("█",ROUND((AVERAGE('P2 - Conhecimentos TI'!E75:E90)/3*50+MIN(MIN(AVERAGE('P2 - Conhecimentos TI'!F75:F90),20),20)/20*50)/10,0))&REPT("░",10-ROUND((AVERAGE('P2 - Conhecimentos TI'!E75:E90)/3*50+MIN(MIN(AVERAGE('P2 - Conhecimentos TI'!F75:F90),20),20)/20*50)/10,0))&" "&TEXT((AVERAGE('P2 - Conhecimentos TI'!E75:E90)/3*50+MIN(MIN(AVERAGE('P2 - Conhecimentos TI'!F75:F90),20),20)/20*50)/100,"0%"),"░░░░░░░░░░ 0%") | E26: =IFERROR(TEXT((AVERAGE('P2 - Conhecimentos TI'!E75:E90)/3*50+MIN(AVERAGE('P2 - Conhecimentos TI'!F75:F90),20)/20*50)/100,"0%"),"0%") | F26: =IFERROR(ROUND(AVERAGE('P2 - Conhecimentos TI'!E75:E90),1)&" / 3","—") | G26: =IFERROR(SUM('P2 - Conhecimentos TI'!F75:F90)&" / 320","—") | H26: =IFERROR(IF((AVERAGE('P2 - Conhecimentos TI'!E75:E90)/3*50+MIN(MIN(AVERAGE('P2 - Conhecimentos TI'!F75:F90),20),20)/20*50)/100>=0.9,"Dominou",IF((AVERAGE('P2 - Conhecimentos TI'!E75:E90)/3*50+MIN(MIN(AVERAGE('P2 - Conhecimentos TI'!F75:F90),20),20)/20*50)/100>=0.5,"Em andamento",IF((AVERAGE('P2 - Conhecimentos TI'!E75:E90)/3*50+MIN(MIN(AVERAGE('P2 - Conhecimentos TI'!F75:F90),20),20)/20*50)/100>0,"Iniciando","Nao iniciado"))),"Nao iniciado")
B27: Eng. de Software | C27: P2 x2 | D27: =IFERROR(REPT("█",ROUND((AVERAGE('P2 - Conhecimentos TI'!E95:E111)/3*50+MIN(MIN(AVERAGE('P2 - Conhecimentos TI'!F95:F111),20),20)/20*50)/10,0))&REPT("░",10-ROUND((AVERAGE('P2 - Conhecimentos TI'!E95:E111)/3*50+MIN(MIN(AVERAGE('P2 - Conhecimentos TI'!F95:F111),20),20)/20*50)/10,0))&" "&TEXT((AVERAGE('P2 - Conhecimentos TI'!E95:E111)/3*50+MIN(MIN(AVERAGE('P2 - Conhecimentos TI'!F95:F111),20),20)/20*50)/100,"0%"),"░░░░░░░░░░ 0%") | E27: =IFERROR(TEXT((AVERAGE('P2 - Conhecimentos TI'!E95:E111)/3*50+MIN(AVERAGE('P2 - Conhecimentos TI'!F95:F111),20)/20*50)/100,"0%"),"0%") | F27: =IFERROR(ROUND(AVERAGE('P2 - Conhecimentos TI'!E95:E111),1)&" / 3","—") | G27: =IFERROR(SUM('P2 - Conhecimentos TI'!F95:F111)&" / 340","—") | H27: =IFERROR(IF((AVERAGE('P2 - Conhecimentos TI'!E95:E111)/3*50+MIN(MIN(AVERAGE('P2 - Conhecimentos TI'!F95:F111),20),20)/20*50)/100>=0.9,"Dominou",IF((AVERAGE('P2 - Conhecimentos TI'!E95:E111)/3*50+MIN(MIN(AVERAGE('P2 - Conhecimentos TI'!F95:F111),20),20)/20*50)/100>=0.5,"Em andamento",IF((AVERAGE('P2 - Conhecimentos TI'!E95:E111)/3*50+MIN(MIN(AVERAGE('P2 - Conhecimentos TI'!F95:F111),20),20)/20*50)/100>0,"Iniciando","Nao iniciado"))),"Nao iniciado")
B28: Governanca de TI | C28: P2 x2 | D28: =IFERROR(REPT("█",ROUND((AVERAGE('P2 - Conhecimentos TI'!E116:E129)/3*50+MIN(MIN(AVERAGE('P2 - Conhecimentos TI'!F116:F129),20),20)/20*50)/10,0))&REPT("░",10-ROUND((AVERAGE('P2 - Conhecimentos TI'!E116:E129)/3*50+MIN(MIN(AVERAGE('P2 - Conhecimentos TI'!F116:F129),20),20)/20*50)/10,0))&" "&TEXT((AVERAGE('P2 - Conhecimentos TI'!E116:E129)/3*50+MIN(MIN(AVERAGE('P2 - Conhecimentos TI'!F116:F129),20),20)/20*50)/100,"0%"),"░░░░░░░░░░ 0%") | E28: =IFERROR(TEXT((AVERAGE('P2 - Conhecimentos TI'!E116:E129)/3*50+MIN(AVERAGE('P2 - Conhecimentos TI'!F116:F129),20)/20*50)/100,"0%"),"0%") | F28: =IFERROR(ROUND(AVERAGE('P2 - Conhecimentos TI'!E116:E129),1)&" / 3","—") | G28: =IFERROR(SUM('P2 - Conhecimentos TI'!F116:F129)&" / 280","—") | H28: =IFERROR(IF((AVERAGE('P2 - Conhecimentos TI'!E116:E129)/3*50+MIN(MIN(AVERAGE('P2 - Conhecimentos TI'!F116:F129),20),20)/20*50)/100>=0.9,"Dominou",IF((AVERAGE('P2 - Conhecimentos TI'!E116:E129)/3*50+MIN(MIN(AVERAGE('P2 - Conhecimentos TI'!F116:F129),20),20)/20*50)/100>=0.5,"Em andamento",IF((AVERAGE('P2 - Conhecimentos TI'!E116:E129)/3*50+MIN(MIN(AVERAGE('P2 - Conhecimentos TI'!F116:F129),20),20)/20*50)/100>0,"Iniciando","Nao iniciado"))),"Nao iniciado")
B29: Sist. Operacionais | C29: P2 x2 | D29: =IFERROR(REPT("█",ROUND((AVERAGE('P2 - Conhecimentos TI'!E134:E147)/3*50+MIN(MIN(AVERAGE('P2 - Conhecimentos TI'!F134:F147),20),20)/20*50)/10,0))&REPT("░",10-ROUND((AVERAGE('P2 - Conhecimentos TI'!E134:E147)/3*50+MIN(MIN(AVERAGE('P2 - Conhecimentos TI'!F134:F147),20),20)/20*50)/10,0))&" "&TEXT((AVERAGE('P2 - Conhecimentos TI'!E134:E147)/3*50+MIN(MIN(AVERAGE('P2 - Conhecimentos TI'!F134:F147),20),20)/20*50)/100,"0%"),"░░░░░░░░░░ 0%") | E29: =IFERROR(TEXT((AVERAGE('P2 - Conhecimentos TI'!E134:E147)/3*50+MIN(AVERAGE('P2 - Conhecimentos TI'!F134:F147),20)/20*50)/100,"0%"),"0%") | F29: =IFERROR(ROUND(AVERAGE('P2 - Conhecimentos TI'!E134:E147),1)&" / 3","—") | G29: =IFERROR(SUM('P2 - Conhecimentos TI'!F134:F147)&" / 280","—") | H29: =IFERROR(IF((AVERAGE('P2 - Conhecimentos TI'!E134:E147)/3*50+MIN(MIN(AVERAGE('P2 - Conhecimentos TI'!F134:F147),20),20)/20*50)/100>=0.9,"Dominou",IF((AVERAGE('P2 - Conhecimentos TI'!E134:E147)/3*50+MIN(MIN(AVERAGE('P2 - Conhecimentos TI'!F134:F147),20),20)/20*50)/100>=0.5,"Em andamento",IF((AVERAGE('P2 - Conhecimentos TI'!E134:E147)/3*50+MIN(MIN(AVERAGE('P2 - Conhecimentos TI'!F134:F147),20),20)/20*50)/100>0,"Iniciando","Nao iniciado"))),"Nao iniciado")
B30: Legislacao de TI | C30: P2 x2 | D30: =IFERROR(REPT("█",ROUND((AVERAGE('P2 - Conhecimentos TI'!E152:E164)/3*50+MIN(MIN(AVERAGE('P2 - Conhecimentos TI'!F152:F164),20),20)/20*50)/10,0))&REPT("░",10-ROUND((AVERAGE('P2 - Conhecimentos TI'!E152:E164)/3*50+MIN(MIN(AVERAGE('P2 - Conhecimentos TI'!F152:F164),20),20)/20*50)/10,0))&" "&TEXT((AVERAGE('P2 - Conhecimentos TI'!E152:E164)/3*50+MIN(MIN(AVERAGE('P2 - Conhecimentos TI'!F152:F164),20),20)/20*50)/100,"0%"),"░░░░░░░░░░ 0%") | E30: =IFERROR(TEXT((AVERAGE('P2 - Conhecimentos TI'!E152:E164)/3*50+MIN(AVERAGE('P2 - Conhecimentos TI'!F152:F164),20)/20*50)/100,"0%"),"0%") | F30: =IFERROR(ROUND(AVERAGE('P2 - Conhecimentos TI'!E152:E164),1)&" / 3","—") | G30: =IFERROR(SUM('P2 - Conhecimentos TI'!F152:F164)&" / 260","—") | H30: =IFERROR(IF((AVERAGE('P2 - Conhecimentos TI'!E152:E164)/3*50+MIN(MIN(AVERAGE('P2 - Conhecimentos TI'!F152:F164),20),20)/20*50)/100>=0.9,"Dominou",IF((AVERAGE('P2 - Conhecimentos TI'!E152:E164)/3*50+MIN(MIN(AVERAGE('P2 - Conhecimentos TI'!F152:F164),20),20)/20*50)/100>=0.5,"Em andamento",IF((AVERAGE('P2 - Conhecimentos TI'!E152:E164)/3*50+MIN(MIN(AVERAGE('P2 - Conhecimentos TI'!F152:F164),20),20)/20*50)/100>0,"Iniciando","Nao iniciado"))),"Nao iniciado")
B31: MEDIA P2 (Peso 2 na prova) | E31: =IFERROR(TEXT(AVERAGE((AVERAGE('P2 - Conhecimentos TI'!E10:E27)/3*50+MIN(AVERAGE('P2 - Conhecimentos TI'!F10:F27),20)/20*50)/100,(AVERAGE('P2 - Conhecimentos TI'!E32:E48)/3*50+MIN(AVERAGE('P2 - Conhecimentos TI'!F32:F48),20)/20*50)/100,(AVERAGE('P2 - Conhecimentos TI'!E53:E70)/3*50+MIN(AVERAGE('P2 - Conhecimentos TI'!F53:F70),20)/20*50)/100,(AVERAGE('P2 - Conhecimentos TI'!E75:E90)/3*50+MIN(AVERAGE('P2 - Conhecimentos TI'!F75:F90),20)/20*50)/100,(AVERAGE('P2 - Conhecimentos TI'!E95:E111)/3*50+MIN(AVERAGE('P2 - Conhecimentos TI'!F95:F111),20)/20*50)/100,(AVERAGE('P2 - Conhecimentos TI'!E116:E129)/3*50+MIN(AVERAGE('P2 - Conhecimentos TI'!F116:F129),20)/20*50)/100,(AVERAGE('P2 - Conhecimentos TI'!E134:E147)/3*50+MIN(AVERAGE('P2 - Conhecimentos TI'!F134:F147),20)/20*50)/100,(AVERAGE('P2 - Conhecimentos TI'!E152:E164)/3*50+MIN(AVERAGE('P2 - Conhecimentos TI'!F152:F164),20)/20*50)/100),"0%"),"0%") | F31: =IFERROR(SUM('P2 - Conhecimentos TI'!F10:F27)+SUM('P2 - Conhecimentos TI'!F32:F48)+SUM('P2 - Conhecimentos TI'!F53:F70)+SUM('P2 - Conhecimentos TI'!F75:F90)+SUM('P2 - Conhecimentos TI'!F95:F111)+SUM('P2 - Conhecimentos TI'!F116:F129)+SUM('P2 - Conhecimentos TI'!F134:F147)+SUM('P2 - Conhecimentos TI'!F152:F164)&" questoes","—")
B33: PROGRESSO GERAL PONDERADO (P2 pesa 2x) | D33: =IFERROR(REPT("█",ROUND(((AVERAGE((AVERAGE('P1 - Conhecimentos Gerais'!E10:E26)/3*50+MIN(AVERAGE('P1 - Conhecimentos Gerais'!F10:F26),20)/20*50)/100,(AVERAGE('P1 - Conhecimentos Gerais'!E31:E44)/3*50+MIN(AVERAGE('P1 - Conhecimentos Gerais'!F31:F44),20)/20*50)/100,(AVERAGE('P1 - Conhecimentos Gerais'!E49:E66)/3*50+MIN(AVERAGE('P1 - Conhecimentos Gerais'!F49:F66),20)/20*50)/100,(AVERAGE('P1 - Conhecimentos Gerais'!E71:E88)/3*50+MIN(AVERAGE('P1 - Conhecimentos Gerais'!F71:F88),20)/20*50)/100,(AVERAGE('P1 - Conhecimentos Gerais'!E93:E105)/3*50+MIN(AVERAGE('P1 - Conhecimentos Gerais'!F93:F105),20)/20*50)/100)*1+AVERAGE((AVERAGE('P2 - Conhecimentos TI'!E10:E27)/3*50+MIN(AVERAGE('P2 - Conhecimentos TI'!F10:F27),20)/20*50)/100,(AVERAGE('P2 - Conhecimentos TI'!E32:E48)/3*50+MIN(AVERAGE('P2 - Conhecimentos TI'!F32:F48),20)/20*50)/100,(AVERAGE('P2 - Conhecimentos TI'!E53:E70)/3*50+MIN(AVERAGE('P2 - Conhecimentos TI'!F53:F70),20)/20*50)/100,(AVERAGE('P2 - Conhecimentos TI'!E75:E90)/3*50+MIN(AVERAGE('P2 - Conhecimentos TI'!F75:F90),20)/20*50)/100,(AVERAGE('P2 - Conhecimentos TI'!E95:E111)/3*50+MIN(AVERAGE('P2 - Conhecimentos TI'!F95:F111),20)/20*50)/100,(AVERAGE('P2 - Conhecimentos TI'!E116:E129)/3*50+MIN(AVERAGE('P2 - Conhecimentos TI'!F116:F129),20)/20*50)/100,(AVERAGE('P2 - Conhecimentos TI'!E134:E147)/3*50+MIN(AVERAGE('P2 - Conhecimentos TI'!F134:F147),20)/20*50)/100,(AVERAGE('P2 - Conhecimentos TI'!E152:E164)/3*50+MIN(AVERAGE('P2 - Conhecimentos TI'!F152:F164),20)/20*50)/100)*2)/3)*10,0))&REPT("░",10-ROUND(((AVERAGE((AVERAGE('P1 - Conhecimentos Gerais'!E10:E26)/3*50+MIN(AVERAGE('P1 - Conhecimentos Gerais'!F10:F26),20)/20*50)/100,(AVERAGE('P1 - Conhecimentos Gerais'!E31:E44)/3*50+MIN(AVERAGE('P1 - Conhecimentos Gerais'!F31:F44),20)/20*50)/100,(AVERAGE('P1 - Conhecimentos Gerais'!E49:E66)/3*50+MIN(AVERAGE('P1 - Conhecimentos Gerais'!F49:F66),20)/20*50)/100,(AVERAGE('P1 - Conhecimentos Gerais'!E71:E88)/3*50+MIN(AVERAGE('P1 - Conhecimentos Gerais'!F71:F88),20)/20*50)/100,(AVERAGE('P1 - Conhecimentos Gerais'!E93:E105)/3*50+MIN(AVERAGE('P1 - Conhecimentos Gerais'!F93:F105),20)/20*50)/100)*1+AVERAGE((AVERAGE('P2 - Conhecimentos TI'!E10:E27)/3*50+MIN(AVERAGE('P2 - Conhecimentos TI'!F10:F27),20)/20*50)/100,(AVERAGE('P2 - Conhecimentos TI'!E32:E48)/3*50+MIN(AVERAGE('P2 - Conhecimentos TI'!F32:F48),20)/20*50)/100,(AVERAGE('P2 - Conhecimentos TI'!E53:E70)/3*50+MIN(AVERAGE('P2 - Conhecimentos TI'!F53:F70),20)/20*50)/100,(AVERAGE('P2 - Conhecimentos TI'!E75:E90)/3*50+MIN(AVERAGE('P2 - Conhecimentos TI'!F75:F90),20)/20*50)/100,(AVERAGE('P2 - Conhecimentos TI'!E95:E111)/3*50+MIN(AVERAGE('P2 - Conhecimentos TI'!F95:F111),20)/20*50)/100,(AVERAGE('P2 - Conhecimentos TI'!E116:E129)/3*50+MIN(AVERAGE('P2 - Conhecimentos TI'!F116:F129),20)/20*50)/100,(AVERAGE('P2 - Conhecimentos TI'!E134:E147)/3*50+MIN(AVERAGE('P2 - Conhecimentos TI'!F134:F147),20)/20*50)/100,(AVERAGE('P2 - Conhecimentos TI'!E152:E164)/3*50+MIN(AVERAGE('P2 - Conhecimentos TI'!F152:F164),20)/20*50)/100)*2)/3)*10,0))&" "&TEXT((AVERAGE((AVERAGE('P1 - Conhecimentos Gerais'!E10:E26)/3*50+MIN(AVERAGE('P1 - Conhecimentos Gerais'!F10:F26),20)/20*50)/100,(AVERAGE('P1 - Conhecimentos Gerais'!E31:E44)/3*50+MIN(AVERAGE('P1 - Conhecimentos Gerais'!F31:F44),20)/20*50)/100,(AVERAGE('P1 - Conhecimentos Gerais'!E49:E66)/3*50+MIN(AVERAGE('P1 - Conhecimentos Gerais'!F49:F66),20)/20*50)/100,(AVERAGE('P1 - Conhecimentos Gerais'!E71:E88)/3*50+MIN(AVERAGE('P1 - Conhecimentos Gerais'!F71:F88),20)/20*50)/100,(AVERAGE('P1 - Conhecimentos Gerais'!E93:E105)/3*50+MIN(AVERAGE('P1 - Conhecimentos Gerais'!F93:F105),20)/20*50)/100)*1+AVERAGE((AVERAGE('P2 - Conhecimentos TI'!E10:E27)/3*50+MIN(AVERAGE('P2 - Conhecimentos TI'!F10:F27),20)/20*50)/100,(AVERAGE('P2 - Conhecimentos TI'!E32:E48)/3*50+MIN(AVERAGE('P2 - Conhecimentos TI'!F32:F48),20)/20*50)/100,(AVERAGE('P2 - Conhecimentos TI'!E53:E70)/3*50+MIN(AVERAGE('P2 - Conhecimentos TI'!F53:F70),20)/20*50)/100,(AVERAGE('P2 - Conhecimentos TI'!E75:E90)/3*50+MIN(AVERAGE('P2 - Conhecimentos TI'!F75:F90),20)/20*50)/100,(AVERAGE('P2 - Conhecimentos TI'!E95:E111)/3*50+MIN(AVERAGE('P2 - Conhecimentos TI'!F95:F111),20)/20*50)/100,(AVERAGE('P2 - Conhecimentos TI'!E116:E129)/3*50+MIN(AVERAGE('P2 - Conhecimentos TI'!F116:F129),20)/20*50)/100,(AVERAGE('P2 - Conhecimentos TI'!E134:E147)/3*50+MIN(AVERAGE('P2 - Conhecimentos TI'!F134:F147),20)/20*50)/100,(AVERAGE('P2 - Conhecimentos TI'!E152:E164)/3*50+MIN(AVERAGE('P2 - Conhecimentos TI'!F152:F164),20)/20*50)/100)*2)/3,"0%"),"░░░░░░░░░░ 0%") | E33: =IFERROR(TEXT((AVERAGE((AVERAGE('P1 - Conhecimentos Gerais'!E10:E26)/3*50+MIN(AVERAGE('P1 - Conhecimentos Gerais'!F10:F26),20)/20*50)/100,(AVERAGE('P1 - Conhecimentos Gerais'!E31:E44)/3*50+MIN(AVERAGE('P1 - Conhecimentos Gerais'!F31:F44),20)/20*50)/100,(AVERAGE('P1 - Conhecimentos Gerais'!E49:E66)/3*50+MIN(AVERAGE('P1 - Conhecimentos Gerais'!F49:F66),20)/20*50)/100,(AVERAGE('P1 - Conhecimentos Gerais'!E71:E88)/3*50+MIN(AVERAGE('P1 - Conhecimentos Gerais'!F71:F88),20)/20*50)/100,(AVERAGE('P1 - Conhecimentos Gerais'!E93:E105)/3*50+MIN(AVERAGE('P1 - Conhecimentos Gerais'!F93:F105),20)/20*50)/100)*1+AVERAGE((AVERAGE('P2 - Conhecimentos TI'!E10:E27)/3*50+MIN(AVERAGE('P2 - Conhecimentos TI'!F10:F27),20)/20*50)/100,(AVERAGE('P2 - Conhecimentos TI'!E32:E48)/3*50+MIN(AVERAGE('P2 - Conhecimentos TI'!F32:F48),20)/20*50)/100,(AVERAGE('P2 - Conhecimentos TI'!E53:E70)/3*50+MIN(AVERAGE('P2 - Conhecimentos TI'!F53:F70),20)/20*50)/100,(AVERAGE('P2 - Conhecimentos TI'!E75:E90)/3*50+MIN(AVERAGE('P2 - Conhecimentos TI'!F75:F90),20)/20*50)/100,(AVERAGE('P2 - Conhecimentos TI'!E95:E111)/3*50+MIN(AVERAGE('P2 - Conhecimentos TI'!F95:F111),20)/20*50)/100,(AVERAGE('P2 - Conhecimentos TI'!E116:E129)/3*50+MIN(AVERAGE('P2 - Conhecimentos TI'!F116:F129),20)/20*50)/100,(AVERAGE('P2 - Conhecimentos TI'!E134:E147)/3*50+MIN(AVERAGE('P2 - Conhecimentos TI'!F134:F147),20)/20*50)/100,(AVERAGE('P2 - Conhecimentos TI'!E152:E164)/3*50+MIN(AVERAGE('P2 - Conhecimentos TI'!F152:F164),20)/20*50)/100)*2)/3,"0%"),"0%") | F33: =IFERROR(SUM('P1 - Conhecimentos Gerais'!F10:F26)+SUM('P1 - Conhecimentos Gerais'!F31:F44)+SUM('P1 - Conhecimentos Gerais'!F49:F66)+SUM('P1 - Conhecimentos Gerais'!F71:F88)+SUM('P1 - Conhecimentos Gerais'!F93:F105)+SUM('P2 - Conhecimentos TI'!F10:F27)+SUM('P2 - Conhecimentos TI'!F32:F48)+SUM('P2 - Conhecimentos TI'!F53:F70)+SUM('P2 - Conhecimentos TI'!F75:F90)+SUM('P2 - Conhecimentos TI'!F95:F111)+SUM('P2 - Conhecimentos TI'!F116:F129)+SUM('P2 - Conhecimentos TI'!F134:F147)+SUM('P2 - Conhecimentos TI'!F152:F164)&" questoes","0") | G33: =IFERROR(COUNTIFS('P1 - Conhecimentos Gerais'!E10:E26,3,'P1 - Conhecimentos Gerais'!F10:F26,">="&20)+COUNTIFS('P1 - Conhecimentos Gerais'!E31:E44,3,'P1 - Conhecimentos Gerais'!F31:F44,">="&20)+COUNTIFS('P1 - Conhecimentos Gerais'!E49:E66,3,'P1 - Conhecimentos Gerais'!F49:F66,">="&20)+COUNTIFS('P1 - Conhecimentos Gerais'!E71:E88,3,'P1 - Conhecimentos Gerais'!F71:F88,">="&20)+COUNTIFS('P1 - Conhecimentos Gerais'!E93:E105,3,'P1 - Conhecimentos Gerais'!F93:F105,">="&20)+COUNTIFS('P2 - Conhecimentos TI'!E10:E27,3,'P2 - Conhecimentos TI'!F10:F27,">="&20)+COUNTIFS('P2 - Conhecimentos TI'!E32:E48,3,'P2 - Conhecimentos TI'!F32:F48,">="&20)+COUNTIFS('P2 - Conhecimentos TI'!E53:E70,3,'P2 - Conhecimentos TI'!F53:F70,">="&20)+COUNTIFS('P2 - Conhecimentos TI'!E75:E90,3,'P2 - Conhecimentos TI'!F75:F90,">="&20)+COUNTIFS('P2 - Conhecimentos TI'!E95:E111,3,'P2 - Conhecimentos TI'!F95:F111,">="&20)+COUNTIFS('P2 - Conhecimentos TI'!E116:E129,3,'P2 - Conhecimentos TI'!F116:F129,">="&20)+COUNTIFS('P2 - Conhecimentos TI'!E134:E147,3,'P2 - Conhecimentos TI'!F134:F147,">="&20)+COUNTIFS('P2 - Conhecimentos TI'!E152:E164,3,'P2 - Conhecimentos TI'!F152:F164,">="&20)&" dominados","0") | H33: =IFERROR(TEXT(207,"0")&" assuntos","—")
B35: NOTA SOBRE O PROGRESSO GERAL PONDERADO: O calculo aplica o mesmo peso da prova real. P1 tem peso 1 e P2 tem peso 2. Formula: (Media_P1 x 1 + Media_P2 x 2) / 3. Isso significa que quem esta bem em P1 mas fraco em P2 tera progresso geral menor do que aparenta. Concentre-se nas disciplinas de P2 - elas valem o dobro.
